 Dungeon Crawl Stone Soup version 0.30-a0-916-g9813417 (webtiles) character file.

Game seed: 7335390238925974475

12992383 Dawnplanks the Minotaur Barricade (level 27, 273/273 HPs)
             Began as a Minotaur Berserker on Mar 31, 2023.
             Was the Champion of the Shining One.
             Escaped with the Orb
             ... and 15 runes on Apr 4, 2023!
             The game lasted 16:01:35 (124709 turns).

Dawnplanks the Minotaur Barricade (MiBe)          Turns: 124709, Time: 16:01:36

Health: 273/273    AC: 47    Str: 50    XL:     27
Magic:  51/51      EV: 27    Int: 13    God:    the Shining One [******]
Gold:   16160      SH: 37    Dex: 20    Spells: 40/77 levels left

rFire   + + +      SeeInvis .    I - +9 sacred scourge (holy)
rCold   + + +      Faith    .    S - +6 tower shield {rC+ rF+}
rNeg    + + +      Spirit   .    X - +12 gold dragon scales
rPois   +          Reflect  +    Q - +2 hat {Int+3}
rElec   +          Rampage  +    G - scarf of the Abyss {rC+ rF+, rN+ Int+4}
rCorr   .                        E - +0 pair of gloves of Usepauck {Rampage}
Will    +++..                    n - +2 pair of boots of Dogmatism {Str+4} Stlth
                                 L - amulet of the Tired Eyes {Reflect Dex+6 SH+5}
HPRegen 0.65/turn                B - ring of Egioteti {Wiz rElec rN+++ Slay+5}
MPRegen 0.32/turn                s - ring "Finaf" {rF+ rN+ Will+ Str+6 Int+4}

@: glowing, studying 3 skills
A: horns 2, retaliatory headbutt, claws 1, thin skeletal structure 1, strong 2,
wild magic 1
0: Orb of Zot
}: 15/15 runes: decaying, serpentine, slimy, silver, golden, iron, obsidian,
icy, bone, abyssal, demonic, glowing, magical, fiery, dark
a: Renounce Religion, Divine Shield, Cleansing Flame, Summon Divine Warrior


You escaped.
You worshipped the Shining One.
The Shining One was exalted by your worship.
You visited 18 branches of the dungeon, and saw 85 of its levels.
You visited Pandemonium 2 times, and saw 39 of its levels.
You visited the Abyss 1 time.
You visited 3 bazaars.
You visited 2 ziggurats, and saw 7 of their levels (deepest: 6).
You also visited: Trove, Gauntlet, Volcano and Wizlab.

You collected 21570 gold pieces.
You spent 5410 gold pieces at shops.

Inventory:

Hand Weapons
 b - a +9 eveningstar of freezing
 I - a +9 sacred scourge of holy wrath (weapon)
Missiles
 w - 21 boomerangs
 z - 10 throwing nets
 J - 20 javelins (quivered)
Armour
 f - the +1 pair of boots "Ogruo" {rC+ Dex+4}
   (You found it on level 3 of the Elven Halls)

   Dex:       It affects your dexterity (+4).
   rC:        It protects you from cold.
 n - the +2 pair of boots of Dogmatism (worn) {Str+4}
   (You found it in Pandemonium)

   Str:       It affects your strength (+4).
 E - the +0 pair of gloves of Usepauck (worn) {Rampage}
   (You found it in a Gauntlet)

   Rampage:   It bestows one free step when moving towards enemies.
 G - the scarf of the Abyss (worn) {rC+ rF+, rN+ Int+4}
   (You acquired it on level 2 of the Depths)

   Int:       It affects your intelligence (+4).
   rN:        It protects you from negative energy.
 H - the +0 pair of boots of Sunlight {Rampage rPois rF+++ rC-}
   (You bought it in a shop on level 4 of the Dungeon)

   rF:        It renders you almost immune to fire.
   rC:        It makes you vulnerable to cold.
   rPois:     It protects you from poison.
   Rampage:   It bestows one free step when moving towards enemies.
 M - the +2 ratskin cloak {*Rats rPois rN+ Str-1 Int-1 Dex+1}
   (You found it on level 7 of Cocytus)

   *Rats:     When the wearer is hurt, rats may emerge from it to assist them.
   Str:       It affects your strength (-1).
   Int:       It affects your intelligence (-1).
   Dex:       It affects your dexterity (+1).
   rPois:     It protects you from poison.
   rN:        It protects you from negative energy.
 Q - a +2 hat of intelligence (worn)
 S - a +6 tower shield of resistance (worn)
 X - +12 gold dragon scales (worn)
Jewellery
 j - the amulet "Ceyc" {Reflect rElec Dex+3 SH+5 Stlth+}
   (You took it off a yaktaur on level 3 of the Vaults)

   [amulet of reflection]

   It reflects blocked missile attacks.
   Dex:       It affects your dexterity (+3).
   rElec:     It insulates you from electricity.
   SH:        It affects your SH (+5).
   Stlth:     It makes you more stealthy.
 l - a ring of see invisible
 s - the ring "Finaf" (right hand) {rF+ rN+ Will+ Str+6 Int+4}
   (You took it off a mummy priest on level 3 of the Depths)

   [ring of strength]

   Str:       It affects your strength (+6).
   Int:       It affects your intelligence (+4).
   rF:        It protects you from fire.
   rN:        It protects you from negative energy.
   Will:      It increases your willpower.
 B - the ring of Egioteti (left hand) {Wiz rElec rN+++ Slay+5}
   (You took it off Dispater on level 7 of the Iron City of Dis)

   [ring of wizardry]

   It improves your spell success rate.
   Slay:      It affects your accuracy & damage with ranged weapons and melee
   (+5).
   rElec:     It insulates you from electricity.
   rN:        It renders you almost immune to negative energy.
 K - the ring "Zogarr" {rPois Str+6 Slay+2 Stlth+}
   (You found it on level 7 of Tartarus)

   [ring of strength]

   Str:       It affects your strength (+6).
   Slay:      It affects your accuracy & damage with ranged weapons and melee
   (+2).
   rPois:     It protects you from poison.
   Stlth:     It makes you more stealthy.
 L - the amulet of the Tired Eyes (around neck) {Reflect Dex+6 SH+5}
   (You found it on level 7 of Tartarus)

   [amulet of reflection]

   It reflects blocked missile attacks.
   Dex:       It affects your dexterity (+6).
   SH:        It affects your SH (+5).
 V - the ring "Venyrch" {rF+++ rN+ rCorr Int-3 Dex+6}
   (You found it on level 7 of the Iron City of Dis)

   [ring of dexterity]

   Int:       It affects your intelligence (-3).
   Dex:       It affects your dexterity (+6).
   rF:        It renders you almost immune to fire.
   rN:        It protects you from negative energy.
   rCorr:     It protects you from acid and corrosion.
 Y - the ring of Usto {rElec rF+ rCorr Str+2 Dex-3}
   (You bought it in a shop in a bazaar)

   [ring of resist corrosion]

   Str:       It affects your strength (+2).
   Dex:       It affects your dexterity (-3).
   rF:        It protects you from fire.
   rElec:     It insulates you from electricity.
   rCorr:     It protects you from acid and corrosion.
Wands
 g - a wand of digging (15)
Scrolls
 a - 3 scrolls of vulnerability
 c - 32 scrolls of teleportation
 d - 3 scrolls of enchant weapon
 e - 2 scrolls of brand weapon
 h - 25 scrolls of poison
 i - 17 scrolls of fog
 p - 16 scrolls of immolation
 r - 8 scrolls of butterflies
 y - 13 scrolls of silence
 A - 7 scrolls of magic mapping
 N - 11 scrolls of blinking
Potions
 k - 8 potions of might
 m - 14 potions of attraction
 o - 5 potions of heal wounds
 q - 7 potions of brilliance
 v - 24 potions of curing
 x - 8 potions of haste
 F - 12 potions of mutation
 O - 8 potions of magic
 P - 5 potions of cancellation
 R - 10 potions of berserk rage
 T - 6 potions of resistance
 Z - 17 potions of flight


   Skills:
 O Level 27 Fighting
 + Level 0.5(0.7) Short Blades
 + Level 0.4(0.7) Long Blades
 - Level 5.9(18.8) Axes
 O Level 27 Maces & Flails
 - Level 2.2 Ranged Weapons
 - Level 7.3 Throwing
 O Level 27 Armour
 O Level 27 Dodging
 - Level 3.0 Stealth
 O Level 27 Shields
 + Level 25.8 Spellcasting
 + Level 2.0 Hexes
 + Level 25.8 Translocations
 - Level 6.0 Transmutations
 - Level 3.5 Air Magic
 O Level 27 Invocations
 - Level 1.0 Evocations


You had 40 spell levels left.
You knew the following spells:

 Your Spells              Type           Power      Damage    Failure   Level
a - Wereblood             Tmut           42%        N/A       1%          2
b - Manifold Assault      Tloc           83%        N/A       1%          4
c - Vhi's Electric Charg  Tloc/Air       100%       N/A       1%          3
d - Dispersal             Tloc           41%        N/A       1%          6
e - Summon Forest         Summ/Tloc      30%        N/A       1%          5
f - Apportation           Tloc           100%       N/A       1%          1
g - Portal Projectile     Hex/Tloc       100%       N/A       1%          3
h - Disjunction           Tloc           41%        N/A       1%          8
i - Silence               Hex/Air        15%        N/A       28%         5

Your spell library contained the following spells:

 Spells                   Type           Power      Damage    Failure   Level
 Beastly Appendage        Tmut           84%        N/A       1%          1
 Slow                     Hex            100%       N/A       1%          1
 Sting                    Tmut/Pois      100%       1d8       1%          1
 Blink                    Tloc           100%       N/A       1%          2
 Lesser Beckoning         Tloc           100%       N/A       1%          2
 Momentum Strike          Conj/Tloc      100%       3d10      1%          2
 Passwall                 Tmut/Erth      26%        N/A       1%          2
 Gell's Gravitas          Tloc           83%        N/A       1%          3
 Kindle Blastsparks       Fire/Tloc/Air  100%       2d18      1%          3
 Teleport Other           Tloc           83%        N/A       1%          3
 Iskenderun's Mystic Bla  Conj/Tloc      60%        2d13      1%          4
 Passage of Golubria      Tloc           83%        N/A       1%          4
 Shock                    Conj/Air       100%       1d9       2%          1
 Swiftness                Air            33%        N/A       2%          3
 Poisonous Vapours        Pois/Air       54%        N/A       3%          2
 Static Discharge         Conj/Air       54%        2-5/arc   3%          2
 Spider Form              Tmut/Pois      32%        N/A       3%          3
 Foxfire                  Conj/Fire      84%        2x1d8     4%          1
 Freeze                   Ice            84%        1d9       4%          1
 Kiss of Death            Conj/Necr      84%        2d11      4%          1
 Magic Dart               Conj           84%        1d7       4%          1
 Necrotise                Necr           84%        1d8       4%          1
 Sandblast                Erth           42%        2d11      4%          1
 Summon Small Mammal      Summ           84%        N/A       4%          1
 Cigotuvi's Dreadful Rot  Necr/Pois/Air  50%        N/A       4%          2
 Ensorcelled Hibernation  Hex/Ice        50%        N/A       4%          2
 Confusing Touch          Hex            28%        N/A       5%          3
 Ignite Poison            Fire/Tmut/Pois 28%        N/A       5%          3
 Tukima's Dance           Hex            28%        N/A       5%          3
 Call Imp                 Summ           21%        N/A       6%          2
 Scorch                   Fire           42%        2d7       6%          2
 Searing Ray              Conj           42%        2d6       6%          2
 Sublimation of Blood     Necr           21%        N/A       6%          2
 Dazzling Flash           Conj/Hex       50%        N/A       7%          3
 Inner Flame              Hex/Fire       25%        N/A       7%          3
 Mephitic Cloud           Conj/Pois/Air  25%        N/A       7%          3
 Summon Guardian Golem    Hex/Summ       25%        N/A       7%          3
 Airstrike                Air            16%        2d(3-19)  9%          4
 Blade Hands              Tmut           21%        N/A       9%          5
 Ice Form                 Ice/Tmut       32%        N/A       10%         4
 Petrify                  Tmut/Erth      32%        N/A       10%         4
 Call Canine Familiar     Summ           21%        N/A       11%         3
 Frozen Ramparts          Ice            42%        1d7       11%         3
 Hailstorm                Conj/Ice       21%        3d6       11%         3
 Ozocubu's Armour         Ice            21%        N/A       11%         3
 Stone Arrow              Conj/Erth      42%        3d9       11%         3
 Vampiric Draining        Necr           21%        2d7       11%         3
 Cause Fear               Hex            14%        N/A       14%         4
 Summon Lightning Spire   Summ/Air       27%        N/A       16%         4
 Yara's Violent Unravell  Hex/Tmut       17%        3d8       17%         5
 Anguish                  Hex/Necr       12%        N/A       21%         4
 Fulminant Prism          Conj/Hex       12%        3d8       21%         4
 Leda's Liquefaction      Hex/Erth       12%        N/A       21%         4
 Alistair's Intoxication  Tmut/Pois      21%        N/A       24%         5
 Irradiate                Conj/Tmut      16%        3d17      24%         5
 Animate Armour           Summ/Erth      42%        N/A       30%         4
 Animate Dead             Necr           21%        N/A       30%         4
 Dispel Undead            Necr           21%        3d11      30%         4
 Flame Wave               Conj/Fire      21%        2d8       30%         4
 Olgreb's Toxic Radiance  Pois           21%        N/A       30%         4
 Sticky Flame             Conj/Fire      21%        2d4       30%         4
 Summon Ice Beast         Ice/Summ       21%        N/A       30%         4
 Arcjolt                  Conj/Air       13%        1d23      38%         5
 Plasma Beam              Fire/Air       13%        2x1d27    38%         5
 Freezing Cloud           Conj/Ice/Air   12%        6-21      45%         5
 Metabolic Englaciation   Hex/Ice        12%        N/A       47%         5
 Summon Mana Viper        Hex/Summ       25%        N/A       47%         5
 Agony                    Necr           21%        N/A       58%         5
 Borgnjor's Vile Clutch   Necr/Erth      10%        N/A       58%         5
 Fireball                 Conj/Fire      10%        3d6       58%         5
 Iskenderun's Battlesphe  Conj           21%        2d7       58%         5
 Lee's Rapid Deconstruct  Erth           10%        3d8*      58%         5
 Eringya's Noxious Bog    Tmut/Pois      16%        N/A       75%         6
 Statue Form              Tmut/Erth      21%        N/A       75%         6
 Dragon Form              Tmut           21%        N/A       87%         7
 Conjure Ball Lightning   Conj/Air       13%        3x3d6     89%         6
 Storm Form               Tmut/Air       19%        N/A       96%         7
 Death Channel            Necr           10%        N/A       98%         6
 Iron Shot                Conj/Erth      10%        9d3       98%         6
 Simulacrum               Ice/Necr       10%        N/A       98%         6
 Starburst                Conj/Fire      10%        6d5       98%         6
 Summon Cactus Giant      Summ           10%        N/A       98%         6
 Enfeeble                 Hex            14%        N/A       100%        7
 Haunt                    Necr/Summ      10%        N/A       100%        7
 Monstrous Menagerie      Summ           10%        N/A       100%        7
 Ozocubu's Refrigeration  Ice            10%        4d9       100%        7
 Spellforged Servitor     Conj/Summ      10%        N/A       100%        7
 Summon Hydra             Summ           10%        N/A       100%        7
 Borgnjor's Revivificati  Necr           10%        N/A       100%        8
 Discord                  Hex            14%        N/A       100%        8
 Ignition                 Fire           10%        3d5       100%        8
 Infestation              Necr           10%        N/A       100%        8
 Lehudib's Crystal Spear  Conj/Erth      10%        10d4      100%        8
 Maxwell's Capacitive Co  Air            16%        ∞         100%        8
 Chain Lightning          Conj/Air       13%        3d18      100%        9
 Death's Door             Necr           10%        N/A       100%        9
 Dragon's Call            Summ           10%        N/A       100%        9
 Fire Storm               Conj/Fire      10%        8d3       100%        9
 Polar Vortex             Ice            10%        N/A       100%        9
 Shatter                  Erth           10%        3d12*     100%        9


Dungeon Overview and Level Annotations

Branches:
Dungeon (15/15)            Temple (1/1) D:5            Lair (5/5) D:11
  Swamp (4/4) Lair:3        Snake (4/4) Lair:3        Slime (5/5) Lair:4
    Orc (2/2) D:9             Elf (3/3) Orc:2        Vaults (5/5) D:14
  Crypt (3/3) Vaults:3       Tomb (3/3) Crypt:3      Depths (4/4) D:15
   Hell (visited)             Dis (7/7) Hell            Geh (7/7) Hell
    Coc (7/7) Hell            Tar (7/7) Hell            Zot (5/5) Depths:4
Volcano (visited)          WizLab (visited)         Gauntlet (visited)

Altars:
Ashenzari
Cheibriados
Dithmenos
Elyvilon
Fedhas
Gozag
Hepliaklqana
Kikubaaqudgha
Makhleb
Nemelex Xobeh
Okawaru
Qazlal
Ru
Sif Muna
Trog
Uskayaw
Vehumet
Wu Jian
Xom
Yredelemnul
Zin
The Shining One

Shops:
D:4 [   D:6 !   D:14 !   D:15 *   Orc:1 (?   Orc:2 (*?:(   Snake:2 =[
Snake:3 :   Snake:4 (?!   Vaults:4 (   Depths:1 [   Depths:2 *

Portals:
Hell: Depths:1 Depths:2 Depths:3 Depths:4
Abyss: Depths:1 Depths:3
Pandemonium: Depths:2

Annotations:
Zot:4 2 transporters


Innate Abilities, Weirdness & Mutations

You have a pair of horns on your head.
You reflexively headbutt those who attack you in melee.
You have sharp fingernails.
You have a somewhat thin skeletal structure. (Dex +2, Stealth+)
Your muscles are very strong. (Str +8, Int/Dex -2)
Your spells are a little harder to cast, but a little more powerful.


Message History

You kill the Orb Guardian!
(D) Dungeon (T) Temple (L) Lair (S) Swamp (P) Snake Pit (M) Slime Pits (O) Orcish Mines (E) Elven Halls (V) Vaults (C) Crypt (W) Tomb (U) Depths (H) Hell (I) Dis (G) Gehenna (X) Cocytus (Y) Tartarus (Z) Zot
Where to? (Enter - D:1, ? - help) Magic restored.
An ice devil comes into view.
The ice devil moves out of view.
There is a stone staircase leading up here.
You climb upwards.
There is a stone staircase leading down here.
(D) Dungeon (T) Temple (L) Lair (S) Swamp (P) Snake Pit (M) Slime Pits (O) Orcish Mines (E) Elven Halls (V) Vaults (C) Crypt (W) Tomb (U) Depths (H) Hell (I) Dis (G) Gehenna (X) Cocytus (Y) Tartarus (Z) Zot
Where to? (Enter - D:1, ? - help)
There is a stone staircase leading up here.
You climb upwards.
There is a stone staircase leading down here.
Search for what [Enter for "zot", or ? for help]? entrance Can't find anything matching that.
You see here a +0 club.
A hellwing comes into view.
Casting: Vhi's Electric Charge (safe; 1% risk of failure)
Confirm with . or Enter, or press ? or * to list all spells.
Space momentarily warps into an impossible shape!
You punish the hellwing, causing immense pain!!!
The hellwing convulses!
You kill the hellwing!
The Shining One accepts your kill.
You feel your power returning.
Magic restored.
Unknown command.
Okay, then.
There is a staircase leading out of the dungeon here.
You can't go down here!
You have escaped!

#...#
#...#
#...#
#.#.#
#.#.#
#...#
#...#
#...#
#.@.#
#####


There were no monsters in sight!

Vanquished Creatures
  Cerebov (Pan)
  Antaeus (Coc:7)
  Asmodeus (Geh:7)
  the Royal Jelly (Slime:5)
  Ignacio (Pan)
  Dissolution (Slime:5)
  Ereshkigal (Tar:7)
  Gloorx Vloq (Pan)
  Mnoleg (Pan)
  2 seraphim
  Lom Lobon (Pan)
  7 dread liches
  the Serpent of Hell (Geh:7)
  8 ancient liches
  3 orbs of fire (Zot:5)
  Dispater (Dis:7)
  30 pandemonium lords
  3 juggernauts (Dis:7)
  16 royal mummies
  Parghit (Zot:1)
  Boris (5 times) (Vaults:3 Crypt:2 Crypt:3 Tomb:2 Tomb:3)
  4 Killer Klowns
  Head Instructor (WizLab)
  Frederick (Crypt:3)
  Saint Roka (Depths:3)
  23 shard shrikes
  the Lernaean hydra (Swamp:4)
  Nikola (Elf:2)
  2 curse toes
  14 golden dragons
  Geryon (Hell)
  16 caustic shrikes
  16 profane servitors
  2 pearl dragons (Pan)
  Jory (Depths:4)
  28 bone dragons
  32 Tzitzimimeh
  28 Brimstone Fiends
  23 hellephants
  10 doom hounds
  A spectral shard shrike (Tar:3)
  5 iron giants
  Jorgrun (D:15)
  2 electric golems (Zot:5)
  11 liches
  34 Ice Fiends
  16 tentacled monstrosities
  19 tainted leviathans
  4 deep elf master archers
  27 Orb Guardians
  31 Hell Sentinels
  9 titans
  23 searing wretches
  2 deep elf blademasters (Elf:3)
  15 acid blobs
  5 quicksilver dragons
  20 tentacled starspawn
  8 death cobs
  45 ancient champions
  15 storm dragons
  54 Executioners
  7 tengu reavers (Vaults:5)
  11 sphinxes
  7 revenants
  2 nagarajas (Snake:4)
  9 rockslimes
  6 shadow dragons
  Roxanne (Snake:3)
  Donald (Elf:2)
  Gastronok (Lair:1)
  20 daevas
  4 draconian monks
  23 fire giants
  8 azure jellies
  7 draconian knights
  18 vault wardens
  13 iron dragons
  60 balrugs
  5 deep elf sorcerers
  12 frost giants
  11 narguns
  3 draconian scorchers
  2 juggernaut zombies
  21 demonspawn warmongers (Pan)
  A frost giant (shapeshifter) (D:15)
  12 ghost moths
  6 quicksilver elementals
  3 orc warlords
  7 shard shrike simulacra
  A caustic shrike zombie (Tar:7)
  3 curse skulls
  32 angels
  8 draconian shifters
  Aizul (Snake:2)
  A spriggan defender (Depths:3)
  35 stone giants
  6 draconian annihilators
  34 demonspawn corrupters (Pan)
  2 draconian stormcallers (Zot:2)
  7 quicksilver oozes
  56 cacodemons
  14 ironbound preservers
  7 ghouls
  28 apis (Pan)
  12 green draconians
  45 reapers
  53 demonspawn black suns (Pan)
  32 demonspawn blood saints (Pan)
  19 ophanim
  5 ironbound thunderhulks
  A juggernaut skeleton (Tar:7)
  41 very ugly things
  41 war gargoyles
  8 deep elf demonologists
  5 eleionomae
  A rockslime zombie (Crypt:3)
  5 black draconians
  16 bennus
  28 elemental wellsprings
  14 wendigos
  18 putrid mouths
  A spectral titan (Tar:3)
  9 vampire knights
  9 purple draconians
  11 white draconians
  10 deep elf annihilators (Elf:3)
  17 iron golems
  5 yellow draconians
  11 dire elephants
  9 red draconians
  4 spark wasps
  52 lorocyprocas (Pan)
  4 bunyips
  The ghost of Qilin the Peltast, a journeyman MiFi of Qazlal (Lair:4)
  Snorg (Lair:3)
  10 eidola
  A merfolk impaler (Depths:2)
  A merfolk javelineer (Depths:1)
  7 deep elf death magi
  2 ettins (shapeshifter)
  7 fire dragons
  2 spectral iron giants
  4 crystal guardians
  28 green deaths
  60 blizzard demons
  The ghost of Ubbricas the Wallflower, a journeyman VSFi of Uskayaw (Lair:4)
  10 deep elf high priests
  12 jiangshi
  24 mummy priests
  14 ettins
  2 quicksilver dragon zombies (Tar:7)
  15 yaktaur captains
  4 spectral spriggans
  3 spriggan zombies
  3 entropy weavers
  Josephine (D:10)
  A quicksilver dragon skeleton (Crypt:3)
  8 ice dragons
  18 hydras
  11 salamander tyrants
  5 great orbs of eyes
  6 spriggan air magi
  6 juggernaut simulacra
  Fannar (Orc:1)
  A fenstrider witch zombie (Crypt:1)
  2 peacekeepers (Vaults:4)
  13 caustic shrike simulacra
  11 rakshasas
  2 catoblepae
  5 ogre magi
  2 ghost crabs
  11 hell beasts
  42 vault guards
  6 anacondas
  6 spriggan skeletons
  Erolcha (D:12)
  5 ironbound frosthearts
  2 death knights
  A fenstrider witch skeleton (Hell)
  2 jorogumos (Zig:3)
  3 stokers
  Erica (Orc:1)
  16 centaur warriors
  14 alligators
  5 boulder beetles
  28 dancing weapons
  9 two-headed ogres
  136 death scarabs
  35 hell hogs
  2 orc high priests
  6 deep troll shamans
  10 naga warriors
  14 tengu warriors
  14 deep troll earth magi
  9 vampire magi
  6 holy swine (Pan)
  12 shock serpents
  24 thrashing horrors
  7 spriggan berserkers
  169 sun demons
  22 deep elf knights
  18 naga sharpshooters
  A storm dragon zombie (Crypt:3)
  Sonja (Lair:3)
  9 crystal echidnas
  3 hell knights
  123 soul eaters
  Nergalle (Lair:4)
  A spectral dire elephant (Tar:2)
  A titan skeleton (Tar:7)
  19 wretched stars
  31 skeletal warriors
  A bunyip zombie (Crypt:1)
  15 iron trolls
  36 shadow wraiths
  Amaemon (Lair:3)
  A fire crab (Zig:2)
  9 salamander mystics
  2 skysharks (Lair:4)
  70 sixfirhies
  16 cherubim
  5 goliath frogs
  2 naga ritualists
  6 bog bodies
  2 glowing orange brains
  A deep troll (shapeshifter) (Elf:3)
  2 spectral anacondas (Snake:4)
  A spatial maelstrom (Abyss:3)
  58 shadow demons (Pan)
  An obsidian statue (Vaults:2)
  11 sea snakes
  5 spriggan druids
  A storm dragon skeleton (Crypt:2)
  2 anaconda zombies
  5 quicksilver dragon simulacra
  36 deep trolls
  14 deep elf archers
  5 flayed ghosts
  12 swamp dragons
  7 spriggan simulacra
  15 phantasmal warriors
  23 ironbound convokers
  A steelbarb worm (shapeshifter) (Elf:1)
  12 wizards
  37 deep elf zephyrmancers
  34 deep elf pyromancers
  7 lindwurms
  2 fenstrider witch simulacra
  12 necromancers
  10 mana vipers
  A bunyip skeleton (Hell)
  A goliath frog zombie (Crypt:1)
  2 orange crystal statues
  A glowing shapeshifter (Vaults:1)
  An iron dragon zombie (Crypt:2)
  2 broodmother zombies
  6 shining eyes
  A shadow dragon skeleton (Pan)
  A spectral ettin (Tar:1)
  2 anaconda skeletons (Snake:4)
  2 tengu skeletons
  2 manticores
  8 worldbinders
  6 will-o-the-wisps
  19 salamanders
  9 orc knights
  12 orc sorcerers
  24 cyclopes
  A goliath frog skeleton (Crypt:2)
  36 ugly things
  19 moths of wrath
  16 vault sentinels
  2 dire elephant zombies (Crypt:2)
  28 black mambas
  66 demonic crawlers
  2 stone giant skeletons
  A naga zombie (Abyss:1)
  5 ice statues (Pan)
  7 rust devils
  14 elephants
  6 apocalypse crabs
  3 molten gargoyles
  A water nymph (shapeshifter) (Vaults:5)
  15 naga magi
  3 fire giant skeletons
  An eye of devastation (Slime:1)
  5 guardian serpents
  An alligator snapping turtle zombie (Tomb:2)
  A shock serpent skeleton (Crypt:3)
  A frost giant skeleton (Depths:2)
  15 cane toads
  7 titan simulacra
  An emperor scorpion simulacrum (Coc:1)
  2 dire elephant skeletons
  4 gargoyles
  156 smoke demons
  A torpor snail (Lair:5)
  2 rime drakes
  79 orange demons
  4 centaur skeletons
  2 kobold demonologists
  46 yaktaurs
  73 hellions
  15 freezing wraiths
  A yaktaur (shapeshifter) (Depths:4)
  9 anaconda simulacra
  7 komodo dragons
  17 efreet
  A bunyip simulacrum (Coc:2)
  4 spectral nagas
  5 tengu conjurers
  3 golden dragon simulacra
  A sea snake skeleton (Snake:4)
  48 guardian mummies
  A harpy zombie (Crypt:1)
  16 red devils
  A death drake zombie (Crypt:3)
  22 ice devils
  13 ancient zymes
  A yaktaur skeleton (Vaults:3)
  The ghost of Dega the Sneak, a novice SpHu (D:5)
  3 iron giant simulacra
  An iron troll zombie (Crypt:1)
  2 spectral harpies
  43 tormentors
  12 trolls
  2 hydra skeletons
  A polar bear (shapeshifter) (Elf:1)
  11 tyrant leeches
  2 spectral guardian serpents (Snake:4)
  6 meliai
  2 silent spectres
  Prince Ribbit (D:7)
  12 hornets
  31 hellwings
  30 polar bears
  25 blink frogs
  A bloated husk (Swamp:4)
  A harpy skeleton (Pan)
  An ettin zombie (Vaults:1)
  An ice dragon zombie (Crypt:3)
  25 raiju
  A slime creature (shapeshifter) (Zig:1)
  A merfolk zombie (Crypt:3)
  3 stone giant simulacra
  11 dream sheep
  An iron dragon simulacrum (Coc:7)
  84 slime creatures
  10 spriggans
  39 flying skulls
  Sigmund (D:4)
  19 dire elephant simulacra
  6 shadows
  5 wyverns
  11 water elementals
  A deep troll skeleton (Vaults:3)
  2 ettin skeletons
  13 wraiths
  52 yaks
  5 air elementals
  A fire bat (shapeshifter) (Vaults:5)
  A fire dragon skeleton (Crypt:2)
  5 vampires
  103 ynoxinuls
  2 basilisks
  9 fire bats
  9 ushabtiu
  2 redbacks
  6 fire elementals
  13 golden eyes
  A steam dragon (D:10)
  84 chaos spawn
  66 starcursed masses
  A black mamba skeleton (Pan)
  A basilisk (shapeshifter) (Abyss:2)
  147 large abominations
  56 neqoxecs
  19 swamp worms
  7 wargs
  55 nagas
  7 vampire mosquitoes
  A skyshark zombie (Crypt:2)
  12 harpy simulacra
  2 hydra simulacra
  21 water moccasins
  A floating eye (Pan)
  A floating eye (shapeshifter) (Depths:4)
  A guardian serpent simulacrum (Snake:4)
  23 hell hounds
  16 orc warriors
  A demonspawn skeleton (Tomb:1)
  4 naga skeletons
  11 swamp drakes
  A cane toad skeleton (Crypt:3)
  21 black bears
  2 ice beasts
  3 sky beasts
  A merfolk skeleton (Crypt:2)
  A fire dragon simulacrum (Coc:1)
  A black mamba simulacrum (Hell)
  9 ettin simulacra
  An ice dragon simulacrum (Crypt:2)
  34 wolves
  5 boggarts (Vaults:4)
  30 ogres
  9 centaurs
  A swamp dragon skeleton (Pan)
  9 human skeletons
  2 phantoms (D:5)
  3 elf zombies
  5 kobold brigands
  33 small abominations
  4 earth elementals
  A yaktaur zombie (Crypt:1)
  9 bullfrogs
  A gnoll sergeant (D:7)
  3 necrophages
  3 scorpions
  8 wights
  A polar bear zombie (Crypt:1)
  A shapeshifter zombie (Crypt:2)
  9 killer bees
  10 electric eels
  6 howler monkeys
  3 jellies
  A lava snake (D:10)
  2 bullfrog zombies (D:5)
  5 centaur zombies
  6 quasits
  A black bear zombie (Crypt:3)
  4 hounds
  A gnoll bouda (D:7)
  11 orc priests
  A scorpion zombie (Crypt:3)
  3 iron imps
  Jessica (D:3)
  Ijyb (D:3)
  A sleepcap (D:5)
  6 iguanas
  31 orc wizards
  2 hound zombies (D:5)
  43 mummies
  12 gnolls
  6 adders
  6 naga simulacra
  3 shadow imps
  9 white imps
  6 ufetubi
  A worm (D:2)
  5 dart slugs
  73 orcs
  6 bats
  A bat skeleton (Crypt:3)
  9 endoplasms
  A giant cockroach (D:4)
  12 goblins
  8 hobgoblins
  2 jackals (D:4)
  31 kobolds
  3 quokkas
  A river rat skeleton (Crypt:1)
  3 ball pythons (D:2)
  A ball python zombie (Crypt:3)
  3 rats
  3 ball lightnings (Pan)
  A butterfly (Lair:5)
  6 creeping infernos
  22 fire vortices
  4 lurking horrors
  9 starspawn tentacles
5908 creatures vanquished.

Vanquished Creatures (collateral kills)
  A dread lich (Tar:7)
  Mara (D:15)
  A profane servitor (Tar:7)
  A doom hound (Tar:7)
  3 bone dragons (Tar:7)
  2 Brimstone Fiends
  2 Tzitzimimeh
  A Hell Sentinel (Dis:7)
  6 tainted leviathans
  2 searing wretches (Geh:7)
  A deep elf blademaster (Elf:2)
  A fire giant (Geh:7)
  A nagaraja (Snake:4)
  A balrug (Pan)
  The ghost of RexxRaptorr the Thaumaturge, a journeyman GnWn of Okawaru (Lair:4)
  A war gargoyle (Dis:2)
  A quicksilver ooze (Slime:5)
  A very ugly thing (Vaults:1)
  A putrid mouth (Tar:7)
  A black draconian (Depths:4)
  2 deep elf demonologists (Elf:3)
  A lorocyproca (Pan)
  A minotaur (Gauntlet)
  A red draconian (Depths:4)
  A blizzard demon (Pan)
  An eidolon (Tar:7)
  A fire dragon (Depths:4)
  A green death (Pan)
  A yaktaur captain (Depths:4)
  A deep elf high priest (Elf:3)
  6 salamander tyrants (Snake:4)
  A death scarab (Tomb:1)
  2 dancing weapons (Elf:2)
  3 naga warriors (Snake:4)
  A spriggan berserker (Depths:4)
  A vampire mage (Depths:3)
  A deep elf knight (Elf:3)
  An iron troll (D:15)
  2 shadow wraiths (Tar:7)
  2 salamander mystics (Snake:4)
  A cherub (Pan)
  3 wizards (Pan)
  A tengu zombie (Vaults:1)
  A deep elf pyromancer (Elf:2)
  2 ugly things (D:15)
  A mana viper (Snake:4)
  10 salamanders (Snake:4)
  A smoke demon (Pan)
  A black mamba (Snake:4)
  3 guardian serpents (Snake:4)
  An orange demon (Lair:3)
  A gargoyle (Gauntlet)
  2 hellions
  A hellwing (Pan)
  A basilisk (Lair:3)
  A naga (Snake:4)
  3 fire vortices
95 creatures vanquished.

Vanquished Creatures (others)
  A pandemonium lord (Pan)
  An eldritch tentacle (Pan)
  A tentacled starspawn (Abyss:3)
  A fire giant (Geh:7)
  An elemental wellspring (Coc:6)
  A black draconian (Depths:4)
  A purple draconian (Depths:4)
  A green death (Pan)
  A juggernaut simulacrum (Coc:6)
  A deep elf knight (Elf:2)
  A quicksilver dragon simulacrum (Coc:7)
  A spriggan simulacrum (Coc:3)
  2 wizards (Pan)
  A smoke demon (Pan)
  An anaconda simulacrum (Coc:7)
  2 iron giant simulacra
  2 trolls (D:10)
  2 bloated husks
  2 iron dragon simulacra (Coc:6)
  2 large abominations (Pan)
  A wraith (Crypt:3)
  A ynoxinul (Pan)
  A fire bat (Pan)
  A naga simulacrum (Coc:6)
  A golden eye (Pan)
  3 yaks (D:10)
  A chaos spawn (Pan)
  2 harpy simulacra
  A hell hound (Hell)
  A boggart (Elf:2)
  3 ogres (Zot:1)
  2 centaurs
  A kobold brigand (D:10)
  A killer bee (D:10)
  A howler monkey (D:10)
  An orc wizard (Orc:2)
  An orc (Orc:2)
  3 ball lightnings (Pan)
  16 bushes (Abyss:3)
  3 creeping infernos
  18 demonic plants
  A fire vortex (Geh:6)
  28 foxfires
  18 fungi
  38 plants
  26 starspawn tentacles
  20 withered plants
220 creatures vanquished.

Grand Total: 6223 creatures vanquished

Notes
Turn   | Place    | Note
-------+----------+-------------------------------------------
     0 | D:1      | Dawnplanks the Minotaur Berserker began the quest for the
                  | Orb.
     0 | D:1      | Reached XP level 1. HP: 19/19 MP: 0/0
   161 | D:1      | Reached XP level 2. HP: 27/27 MP: 1/1
   434 | D:1      | Reached XP level 3. HP: 31/33 MP: 2/2
   998 | D:2      | Reached ** piety under Trog
  1002 | D:2      | Reached XP level 4. HP: 30/41 MP: 3/3
  1159 | D:2      | Reached skill level 5 in Axes
  1405 | D:2      | Found a shadowy altar of Dithmenos.
  1580 | D:3      | Noticed Jessica
  1588 | D:3      | Killed Jessica
  1706 | D:3      | Reached skill level 1 in Throwing
  1706 | D:3      | Reached XP level 5. HP: 47/47 MP: 4/4
  1738 | D:3      | Found a shimmering blue altar of Sif Muna.
  1937 | D:3      | Found a faded altar of an unknown god.
  1940 | D:3      | Found a radiant altar of Vehumet.
  1983 | D:3      | Noticed Ijyb
  1996 | D:3      | Killed Ijyb
  2094 | D:3      | Reached skill level 1 in Maces & Flails
  2392 | D:4      | Reached skill level 5 in Fighting
  2414 | D:4      | Reached XP level 6. HP: 49/56 MP: 5/5
  2417 | D:4      | Identified the +1 dagger "Weffos" {heavy, rPois Dex+3 SInv}
  2428 | D:4      | Found a burning altar of Makhleb.
  2428 | D:4      | Noticed a cacodemon
  2496 | D:4      | Noticed Sigmund
  2501 | D:4      | Found Peeturie's Antique Armour Boutique.
  2513 | D:4      | Killed Sigmund
  2669 | D:4      | Found an ancient bone altar of Kikubaaqudgha.
  2691 | D:4      | Found a broken altar of Ashenzari.
  2776 | D:5      | Entered Level 5 of the Dungeon
  2782 | D:5      | Reached XP level 7. HP: 61/61 MP: 6/6
  2890 | D:5      | Found a staircase to the Ecumenical Temple.
  2933 | D:5      | Reached skill level 5 in Armour
  2978 | D:5      | Reached XP level 8. HP: 69/69 MP: 7/7
  2994 | D:5      | Reached skill level 5 in Maces & Flails
  3085 | D:5      | Found a bloodstained altar of Trog.
  3148 | D:5      | Noticed Dega's ghost (novice SpHu)
  3150 | D:5      | Found a transporter.
  3157 | D:5      | Found a transporter.
  3286 | D:5      | Reached *** piety under Trog
  3310 | D:5      | Found a basalt altar of Yredelemnul.
  3773 | D:4      | Bought a pair of crude boots for 209 gold pieces
  3773 | D:4      | Identified the +0 pair of boots of Sunlight {Rampage rPois
                  | rF+++ rC-} (You bought it in a shop on level 4 of the
                  | Dungeon)
  3900 | D:6      | Found a snail-covered altar of Cheibriados.
  3983 | D:6      | Found Zicotz's Distillery.
  4126 | D:6      | Noticed a two-headed ogre
  4138 | D:6      | Killed a two-headed ogre
  4139 | D:6      | Reached skill level 5 in Dodging
  4139 | D:6      | Reached skill level 1 in Stealth
  4139 | D:6      | Reached XP level 9. HP: 76/78 MP: 8/8
  4213 | D:7      | Found an ornate altar of the Wu Jian Council.
  4427 | D:7      | Found a glowing silver altar of Zin.
  4487 | D:7      | Found a stormy altar of Qazlal.
  4664 | D:7      | Noticed Prince Ribbit
  4673 | D:7      | Killed Prince Ribbit
  4825 | D:6      | Bought a potion of mutation for 88 gold pieces
  4858 | D:7      | Found a glowing golden altar of the Shining One.
  5106 | D:8      | Reached **** piety under Trog
  5358 | D:8      | Reached skill level 1 in Shields
  5358 | D:8      | Reached XP level 10. HP: 86/88 MP: 9/9
  5393 | D:8      | Reached skill level 10 in Maces & Flails
  5406 | D:8      | Noticed a two-headed ogre
  5415 | D:8      | Killed a two-headed ogre
  5837 | D:9      | Found a staircase to the Orcish Mines.
  5965 | D:9      | Noticed a two-headed ogre
  5985 | D:9      | Killed a two-headed ogre
  6111 | D:9      | Reached ***** piety under Trog
  6455 | D:10     | Entered Level 10 of the Dungeon
  6475 | D:10     | Noticed Josephine
  6503 | D:10     | Killed Josephine
  6522 | D:10     | Reached XP level 11. HP: 97/97 MP: 10/10
  6564 | D:10     | Reached skill level 10 in Armour
  6734 | D:10     | Found a shimmering altar of Xom.
  6821 | D:10     | Found a hide-covered altar of Uskayaw.
  6877 | D:10     | Noticed a deep elf pyromancer
  6895 | D:10     | Killed a deep elf pyromancer
  6899 | D:10     | Reached skill level 10 in Fighting
  7053 | D:10     | Reached skill level 5 in Shields
  7439 | D:11     | Received a gift from Trog
  7580 | D:11     | Found a staircase to the Lair.
  7957 | Lair:1   | Entered Level 1 of the Lair of Beasts
  7982 | Lair:1   | Noticed Gastronok
  7991 | Lair:1   | Killed Gastronok
  8012 | Lair:1   | Noticed a boulder beetle
  8030 | Lair:1   | Killed a boulder beetle
  8229 | Lair:1   | Reached XP level 12. HP: 67/108 MP: 11/11
  8261 | Lair:1   | Found a dark tunnel.
  8269 | Volcano  | Entered a volcano
  8285 | Volcano  | Noticed a centaur warrior
  8288 | Volcano  | Found a burning altar of Makhleb.
  8301 | Volcano  | Noticed a red draconian
  8337 | Volcano  | Killed a red draconian
  8356 | Volcano  | Killed a centaur warrior
  9019 | Lair:1   | Reached skill level 1 in Ranged Weapons
  9029 | Lair:1   | Noticed a fire dragon
  9050 | Lair:1   | Killed a fire dragon
  9272 | Lair:1   | Gained mutation: You have a somewhat thin skeletal
                  | structure. (Dex +2, Stealth+) [potion of mutation]
  9272 | Lair:1   | Gained mutation: You are frail. (-10% HP) [potion of
                  | mutation]
  9272 | Lair:1   | Gained mutation: Your flesh is cold resistant. (rC+)
                  | [potion of mutation]
  9272 | Lair:1   | Gained mutation: You have sharp toenails. [potion of
                  | mutation]
  9273 | Lair:1   | Lost mutation: You have sharp toenails. [potion of
                  | mutation]
  9273 | Lair:1   | Lost mutation: You are frail. (-10% HP) [potion of
                  | mutation]
  9273 | Lair:1   | Lost mutation: Your flesh is cold resistant. (rC+) [potion
                  | of mutation]
  9273 | Lair:1   | Gained mutation: You are strong-willed. (Will+) [potion of
                  | mutation]
  9273 | Lair:1   | Gained mutation: You are clumsy. (Dex -2) [potion of
                  | mutation]
  9273 | Lair:1   | Gained mutation: Your spells are a little harder to cast,
                  | but a little more powerful. [potion of mutation]
  9504 | Lair:2   | Reached skill level 10 in Shields
  9504 | Lair:2   | Noticed a four-headed hydra
  9524 | Lair:2   | Killed a four-headed hydra
  9587 | Lair:2   | Found a gate leading to a gauntlet.
  9611 | Gauntlet | Entered a Gauntlet
  9611 | Gauntlet | Found a transporter.
  9619 | Gauntlet | Found a runed translucent door.
  9622 | Gauntlet | Found a transporter.
  9623 | Gauntlet | Found a transporter.
  9624 | Gauntlet | Found a transporter.
  9632 | Gauntlet | Found a transporter.
  9635 | Gauntlet | Found a transporter.
  9636 | Gauntlet | Found a transporter.
  9646 | Gauntlet | Found a transporter.
  9648 | Gauntlet | Found a transporter.
  9649 | Gauntlet | Found a transporter.
  9651 | Gauntlet | Noticed a catoblepas
  9653 | Gauntlet | Found a runed translucent door.
  9655 | Gauntlet | Found a runed translucent door.
  9657 | Gauntlet | Found a transporter.
  9660 | Gauntlet | Found a transporter.
  9661 | Gauntlet | Found a transporter.
  9669 | Gauntlet | Found a transporter.
  9950 | Gauntlet | Reached XP level 13. HP: 117/117 MP: 12/12
  9966 | Gauntlet | Identified the +0 pair of gloves of Usepauck {Rampage}
 10077 | Gauntlet | Identified the staff of fire "Lacatz" {Fragile rF+ Int+3
                  | Stlth+}
 10161 | Gauntlet | Noticed a minotaur
 10171 | Gauntlet | Killed a minotaur
 10273 | Lair:2   | Identified the +5 ring mail of Submission {Str+3 Dex+3}
 10870 | Lair:3   | Noticed Sonja
 10887 | Lair:3   | Killed Sonja
 10915 | Lair:3   | Noticed Nergalle
 10970 | Lair:3   | Noticed Amaemon
 10977 | Lair:3   | Killed Amaemon
 11160 | Lair:3   | Found a staircase to the Swamp.
 11404 | Lair:3   | Found a staircase to the Snake Pit.
 11417 | Lair:3   | Noticed Snorg
 11426 | Lair:3   | Killed Snorg
 11806 | Lair:4   | Reached XP level 14. HP: 126/129 MP: 13/13
 11872 | Lair:4   | Found a runed translucent gate.
 11872 | Lair:4   | Found a runed translucent gate.
 11872 | Lair:4   | Found a runed translucent gate.
 11877 | Lair:4   | Noticed RexxRaptorr's ghost (journeyman GnWn)
 11877 | Lair:4   | Noticed Ubbricas's ghost (journeyman VSFi)
 11877 | Lair:4   | Noticed Qilin's ghost (journeyman MiFi)
 11895 | Lair:4   | Killed RexxRaptorr's ghost
 11902 | Lair:4   | Killed Ubbricas's ghost
 11906 | Lair:4   | Killed Qilin's ghost
 11916 | Lair:4   | Got the Vellum of Debased Deeds and the Escort
 11953 | Lair:4   | Killed Nergalle
 12086 | Lair:4   | Received a gift from Trog
 12408 | Lair:4   | Found a staircase to the Slime Pits.
 12566 | Lair:5   | Entered Level 5 of the Lair of Beasts
 12728 | Lair:5   | Reached skill level 15 in Armour
 12945 | Lair:5   | Reached skill level 15 in Maces & Flails
 13162 | Lair:5   | Reached skill level 15 in Shields
 13659 | Lair:5   | Identified a scroll of acquirement
 13661 | Lair:5   | Acquired the +2 pair of gloves "Efouk" {rPois Dex+3}
 14400 | Orc:1    | Entered Level 1 of the Orcish Mines
 14400 | Orc:1    | Noticed Erica
 14411 | Orc:1    | Killed Erica
 14411 | Orc:1    | Received a gift from Trog
 14424 | Orc:1    | Reached XP level 15. HP: 133/139 MP: 14/14
 14424 | Orc:1    | Noticed Fannar
 14453 | Orc:1    | Killed Fannar
 14506 | Orc:1    | Reached ****** piety under Trog
 14639 | Orc:1    | Found Lolaus's Magic Scroll Shoppe.
 14704 | Orc:1    | Found Vapror's Weapon Shoppe.
 14884 | Orc:2    | Entered Level 2 of the Orcish Mines
 15076 | Orc:2    | Found a staircase to the Elven Halls.
 15327 | Orc:2    | Found Kenuwn's Assorted Antiques.
 15488 | Orc:2    | Identified the +8 mace of the Foot {heavy, rElec Stlth+}
                  | (Trog gifted it to you on level 2 of the Orcish Mines)
 15488 | Orc:2    | Received a gift from Trog
 15516 | Orc:2    | Found Zepoubuk's Antique Weapon Boutique.
 15549 | Orc:2    | Found an ancient bone altar of Kikubaaqudgha.
 15568 | Orc:2    | Found Wimm's Book Boutique.
 15577 | Orc:2    | Found a radiant altar of Vehumet.
 15586 | Orc:2    | Reached skill level 15 in Fighting
 15620 | Orc:2    | Found Icwir's Magic Scroll Shop.
 15635 | Orc:2    | Found Juatior's Antique Weapon Shop.
 15989 | Swamp:1  | Entered Level 1 of the Swamp
 16375 | Swamp:1  | Found an ancient bone altar of Kikubaaqudgha.
 16618 | Swamp:2  | Reached skill level 5 in Throwing
 17401 | Swamp:3  | Received a gift from Trog
 17794 | Swamp:3  | Noticed a tentacled monstrosity
 17807 | Swamp:3  | Killed a tentacled monstrosity
 17845 | Swamp:4  | Entered Level 4 of the Swamp
 17856 | Swamp:4  | Reached XP level 16. HP: 151/151 MP: 15/15
 18172 | Swamp:4  | Noticed the 27-headed Lernaean hydra
 18192 | Swamp:4  | Killed the 27-headed Lernaean hydra
 18801 | Swamp:4  | Got a decaying rune of Zot
 19023 | Snake:1  | Entered Level 1 of the Snake Pit
 19059 | Snake:1  | Received a gift from Trog
 19152 | Snake:1  | Found a flickering gateway to a bazaar.
 19171 | Bazaar   | Entered a bazaar
 19171 | Bazaar   | Found Bufes's Jewellery Shoppe.
 19171 | Bazaar   | Found Xubru's Antique Armour Emporium.
 19173 | Bazaar   | Found Ysikhlil's Armour Shoppe.
 19189 | Bazaar   | Found Vogytwuri's Armour Emporium.
 19223 | Bazaar   | Bought the +1 tower shield of the Armadillo {Int+9} for 460
                  | gold pieces
 19227 | Bazaar   | Bought the ring "Vattufai" {rC- rN+ Will+ Str+4 Dex+5} for
                  | 578 gold pieces
 19227 | Bazaar   | Bought the ring of Usto {rElec rF+ rCorr Str+2 Dex-3} for
                  | 505 gold pieces
 20055 | Snake:1  | Found a sacrificial altar of Ru.
 20374 | Snake:2  | Noticed Aizul
 20404 | Snake:2  | Killed Aizul
 21137 | Snake:2  | Identified the +0 chain mail of Cinn {Rampage *Corrode
                  | Int+2}
 21156 | Snake:2  | Found Dinissips's Armour Emporium.
 21156 | Snake:2  | Found Dudeow's Jewellery Shoppe.
 21347 | Snake:2  | Found a burning altar of Makhleb.
 21360 | Snake:2  | Reached XP level 17. HP: 150/160 MP: 16/16
 21662 | Snake:3  | Found Rappec's Book Boutique.
 21801 | Snake:3  | Received a gift from Trog
 22687 | Snake:3  | Noticed Roxanne
 23135 | Snake:3  | Killed Roxanne
 23373 | Snake:4  | Entered Level 4 of the Snake Pit
 23469 | Snake:4  | Found Sezyih's Distillery.
 23471 | Snake:4  | Found Faatufus's Magic Scroll Shoppe.
 23472 | Snake:4  | Found Datukip's Weapon Emporium.
 23507 | Snake:4  | Received a gift from Trog
 24449 | Snake:4  | Received a gift from Trog
 24458 | Snake:4  | Reached XP level 18. HP: 83/171 MP: 5/17
 24798 | Snake:4  | Got a serpentine rune of Zot
 25510 | D:12     | Noticed Erolcha
 25517 | D:12     | Killed Erolcha
 25597 | D:12     | Found a sacrificial altar of Ru.
 25626 | D:12     | Found a portal to a secret trove of treasure.
 25884 | D:13     | Got the Precepts of Support and the Spider
 26550 | D:14     | Found Piarghai's Distillery.
 26746 | D:12     | You paid a toll of 15 scrolls of teleportation to enter a
                  | treasure trove
 26747 | Trove    | Entered a treasure trove
 26982 | D:14     | Received a gift from Trog
 27090 | D:14     | Found a gate to the Vaults.
 27227 | D:14     | Found a glowing golden altar of the Shining One.
 27227 | D:14     | Found a glowing silver altar of Zin.
 27227 | D:14     | Found a white marble altar of Elyvilon.
 27410 | D:15     | Entered Level 15 of the Dungeon
 27571 | D:15     | Found Tosasule's General Store.
 27578 | D:15     | Identified the ring of Olemees {+Blink rCorr AC+4}
 27815 | D:15     | Noticed Jorgrun
 27826 | D:15     | Killed Jorgrun
 28817 | D:15     | Found a staircase to the Depths.
 28923 | Vaults:1 | Entered Level 1 of the Vaults
 29466 | Vaults:1 | You fall into a shaft and drop 1 floor!
 29683 | Vaults:2 | Received a gift from Trog
 29906 | Vaults:2 | Reached XP level 19. HP: 164/182 MP: 6/18
 30366 | Vaults:2 | Received a gift from Trog
 30868 | Vaults:2 | Identified the +7 scimitar of Vitzosch {pain, rF+ MP-9
                  | Dex+2}
 32029 | Vaults:3 | Identified the amulet "Ceyc" {Reflect rElec Dex+3 SH+5
                  | Stlth+}
 32043 | Vaults:3 | Received a gift from Trog
 32186 | Vaults:3 | Noticed Boris
 32209 | Vaults:3 | Killed Boris
 32486 | Vaults:3 | Found a gateway to a bazaar.
 32598 | Bazaar   | Entered a bazaar
 32598 | Bazaar   | Found Bawyner's General Store.
 32598 | Bazaar   | Found Effuno Lona's Armour Shoppe.
 32598 | Bazaar   | Found Ecuypnau's Antique Armour Emporium.
 32600 | Bazaar   | Found Heruhisi's Magic Scroll Emporium.
 32614 | Bazaar   | Bought 3 scrolls of blinking for 225 gold pieces
 32783 | Vaults:3 | Found a staircase to the Crypt.
 33345 | Vaults:4 | Identified the +11 long sword of the Maze {freeze, rN+}
 33461 | Vaults:4 | Found Saner Ace's Antique Weapon Shop.
 33582 | Vaults:4 | Received a gift from Trog
 33601 | Vaults:4 | Reached skill level 1 in Evocations
 33601 | Vaults:4 | Reached XP level 20. HP: 154/193 MP: 6/19
 34847 | Vaults:4 | Acquired 1137 gold pieces
 35180 | Elf:1    | Entered Level 1 of the Elven Halls
 35186 | Elf:1    | Received a gift from Trog
 35350 | Elf:1    | Found a flickering gateway to a bazaar.
 35359 | Bazaar   | Entered a bazaar
 35359 | Bazaar   | Found Ypipsob's Magic Scroll Emporium.
 35359 | Bazaar   | Found Viqiarat's Weapon Shop.
 35359 | Bazaar   | Found Ugrek's Book Shoppe.
 35359 | Bazaar   | Found Cuzaben's Jewellery Shop.
 35417 | Bazaar   | Bought a scroll of blinking for 67 gold pieces
 35420 | Bazaar   | Bought a book of the Warp for 378 gold pieces
 35431 | Bazaar   | Bought a +4 ring of slaying for 1326 gold pieces
 35479 | Elf:1    | You fall into a shaft and drop 1 floor!
 35544 | Elf:2    | Noticed Nikola
 35557 | Elf:2    | Killed Nikola
 35761 | Elf:2    | Noticed Donald
 35765 | Elf:2    | Identified the +10 long sword of Intimidation {flame, rPois
                  | rC++ Will- SInv} (Trog gifted it to you on level 2 of the
                  | Elven Halls)
 35765 | Elf:2    | Received a gift from Trog
 35775 | Elf:2    | Killed Donald
 35926 | Elf:2    | Found a runed translucent gate.
 35926 | Elf:2    | Found a runed translucent gate.
 35927 | Elf:2    | Found a runed translucent gate.
 36236 | Elf:2    | Received a gift from Trog
 36429 | Elf:2    | Paralysed by an air elemental for 1 turns
 37164 | Elf:1    | Reached XP level 21. HP: 204/205 MP: 6/20
 37542 | Elf:1    | Got the Omnibus of Shades
 37993 | Depths:1 | Entered Level 1 of the Depths
 37993 | Depths:1 | Found Olegesso's Antique Armour Boutique.
 38044 | Depths:1 | Noticed Mara
 38266 | Depths:1 | Noticed Dawnplanks's illusion
 38278 | D:15     | Noticed Dawnplanks's illusion
 38300 | D:15     | Killed Mara
 38956 | Depths:1 | Found a one-way gate to the infinite horrors of the Abyss.
 39022 | Depths:1 | Received a gift from Trog
 39299 | Depths:1 | Found a gateway to Hell.
 39799 | Depths:2 | Acquired the scarf of the Abyss {rC+ rF+, rN+ Int+4}
 40173 | Depths:2 | Found Big Baal Hell's Store.
 40335 | Depths:2 | Received a gift from Trog
 40766 | Depths:2 | Found a one-way gate leading to the halls of Pandemonium.
 41190 | Depths:3 | Reached skill level 27 in Shields
 41456 | Depths:3 | Reached XP level 22. HP: 217/217 MP: 7/21
 41893 | Depths:3 | Identified the +1 dagger "Elotuzxe" {heavy, Fly rC+++ Str-3
                  | Stlth+} (Trog gifted it to you on level 3 of the Depths)
 41893 | Depths:3 | Received a gift from Trog
 42264 | Depths:3 | Identified the ring "Finaf" {rF+ rN+ Will+ Str+6 Int+4}
 42597 | Depths:3 | Noticed Saint Roka
 42619 | Depths:3 | Killed Saint Roka
 43672 | Depths:4 | Entered Level 4 of the Depths
 43976 | Depths:4 | Identified the +0 dagger "Kumo" {heavy, rC+ rN+ Dex+3
                  | Stlth+} (Trog gifted it to you on level 4 of the Depths)
 43976 | Depths:4 | Received a gift from Trog
 44054 | Depths:4 | Noticed Jory
 44063 | Depths:4 | Killed Jory
 44181 | Depths:4 | Found a gate to the Realm of Zot.
 44270 | Depths:4 | Found a glowing golden altar of the Shining One.
 44651 | Depths:4 | Found a one-way gateway to a ziggurat.
 45249 | Elf:3    | Entered Level 3 of the Elven Halls
 45553 | Elf:3    | Received a gift from Trog
 45840 | Elf:3    | Reached XP level 23. HP: 221/229 MP: 7/22
 46114 | Elf:3    | Reached skill level 10 in Dodging
 46140 | Elf:3    | Identified the staff of earth "Achap" {rElec rC++ rCorr
                  | Dex-3}
 46200 | Elf:3    | Identified the ring of Jofypuyni {*Corrode MP+9 Int+4}
 46224 | Elf:3    | Identified the staff of fire "Qoxkotu" {rF+ rC++ Str+5}
 46225 | Elf:3    | Identified the staff of poison "Eppisil" {rPois rF+}
 46226 | Elf:3    | Identified the +1 pair of boots "Ogruo" {rC+ Dex+4}
 46755 | Vaults:5 | Entered Level 5 of the Vaults
 46758 | Vaults:5 | Noticed a dread lich
 46764 | Vaults:5 | Received a gift from Trog
 46791 | Vaults:5 | Killed a dread lich
 46961 | Vaults:5 | Noticed a dread lich
 46983 | Vaults:5 | Killed a dread lich
 46986 | Vaults:5 | Reached skill level 27 in Maces & Flails
 47394 | Vaults:5 | Identified the +2 leather armour of Indecent Exposure
                  | {+Blink rC- Regen+ Dex+4}
 47407 | Vaults:5 | Got a silver rune of Zot
 47409 | Vaults:5 | Got the Compendium of the Aerial Panacea
 47412 | Vaults:5 | Got the Compendium of Ill-starred Iniquitous Acts
 47413 | Vaults:5 | Identified the +10 quarterstaff "Ynunlar" {speed, Stlth+}
 47431 | Vaults:5 | Identified the staff of conjuration "Gaedede" {rElec rC+
                  | Dex+3}
 47435 | Vaults:5 | Identified the +7 plate armour of Boineh {rElec rF+ Str-4
                  | Int+3}
 47518 | Vaults:5 | Identified the +7 hand axe of the Everdark {speed, rC- MP+9
                  | Str-3 Dex+7}
 47525 | Vaults:5 | Identified the ring of Vaapseh {Str+5 Int-2 Dex+6}
 47634 | Vaults:5 | Found the +7 great mace "Firestarter" {flame, inner flame,
                  | rFlCloud rF++}
 47844 | Vaults:5 | Identified the +5 war axe of Deflation {flame, rC+} (Trog
                  | gifted it to you on level 5 of the Vaults)
 47844 | Vaults:5 | Received a gift from Trog
 47853 | Vaults:5 | Got the Meditations on Haze
 47943 | Vaults:5 | Noticed an ancient lich
 47960 | Vaults:5 | Killed an ancient lich
 48227 | Vaults:5 | Reached XP level 24. HP: 189/245 MP: 7/22
 48328 | Vaults:5 | Found the +3 giant club "Skullcrusher" {speed, Str+7}
 48330 | Vaults:5 | Identified the +8 long sword "Beetleslayer" {holy, Str+4}
 48339 | Vaults:5 | Identified the +9 great mace of Disembowelment {elec, rF-
                  | rCorr Dex+3 Stlth+}
 48865 | D:14     | Bought a potion of might for 64 gold pieces
 48865 | D:14     | Bought a potion of mutation for 128 gold pieces
 48865 | D:14     | Bought 2 potions of heal wounds for 160 gold pieces
 48930 | D:15     | Bought a potion of mutation for 144 gold pieces
 48930 | D:15     | Bought a potion of cancellation for 144 gold pieces
 49103 | Orc:1    | Bought a scroll of enchant armour for 105 gold pieces
 49103 | Orc:1    | Bought a scroll of butterflies for 56 gold pieces
 49224 | Orc:2    | Bought a scroll of enchant armour for 127 gold pieces
 49224 | Orc:2    | Bought a scroll of magic mapping for 127 gold pieces
 49224 | Orc:2    | Bought a scroll of blinking for 127 gold pieces
 49578 | Snake:4  | Bought a potion of might for 56 gold pieces
 49578 | Snake:4  | Bought a potion of might for 56 gold pieces
 49578 | Snake:4  | Bought a potion of resistance for 140 gold pieces
 49578 | Snake:4  | Bought a potion of haste for 140 gold pieces
 49852 | D:14     | Fell from the grace of Trog
 49852 | D:14     | Became a worshipper of the Shining One
 49956 | Crypt:1  | Entered Level 1 of the Crypt
 49994 | Crypt:1  | Reached * piety under the Shining One
 50035 | Crypt:1  | Reached ** piety under the Shining One
 50036 | Crypt:1  | Reached skill level 1 in Invocations
 50742 | Crypt:1  | Reached *** piety under the Shining One
 51014 | Crypt:1  | Reached **** piety under the Shining One
 51211 | Crypt:2  | Reached ***** piety under the Shining One
 51441 | Crypt:2  | Noticed Boris
 51451 | Crypt:2  | Killed Boris
 52541 | Crypt:3  | Entered Level 3 of the Crypt
 52571 | Crypt:3  | Noticed Boris
 52573 | Crypt:3  | Reached skill level 27 in Fighting
 52588 | Crypt:3  | Killed Boris
 52588 | Crypt:3  | Reached ****** piety under the Shining One
 52589 | Crypt:3  | Identified a +4 sacred scourge of holy wrath (a +2 demon
                  | whip of venom blessed by the Shining One)
 52589 | Crypt:3  | Received a gift from the Shining One
 52629 | Crypt:3  | Found a magical portal.
 52666 | WizLab   | Entered Yara's Duelist Academy
 52842 | WizLab   | Noticed Nosain
 52849 | WizLab   | Killed Nosain the Head Instructor
 52976 | WizLab   | Got Yara's Lessons on Execration
 53204 | Crypt:3  | Noticed Frederick
 53213 | Crypt:3  | Killed Frederick
 53316 | Crypt:3  | Reached skill level 5 in Invocations
 53816 | Crypt:3  | Found a staircase to the Tomb.
 53914 | Crypt:3  | Identified the +6 lajatang of Nuwny {heavy, rC+ rN+}
 53955 | Crypt:3  | Identified the +8 shortbow "Newtslayer" {freeze, Str+2}
 53955 | Crypt:3  | Identified the +8 hand axe of Twilight {venom, Dex+4}
 53956 | Crypt:3  | Found a basalt altar of Yredelemnul.
 53972 | Crypt:3  | Found an ancient bone altar of Kikubaaqudgha.
 54036 | Crypt:3  | Identified the ring "Xoomo Rer" {EV+5 Int+3 Dex+3 Stlth-}
 54519 | Slime:1  | Entered Level 1 of the Pits of Slime
 54860 | Slime:3  | Lost mutation: Your spells are a little harder to cast, but
                  | a little more powerful. [a shining eye]
 54915 | Slime:4  | Reached XP level 25. HP: 257/257 MP: 26/26
 55008 | Slime:5  | Entered Level 5 of the Pits of Slime
 55255 | Slime:5  | Paralysed by Trog for 4 turns
 55335 | Slime:5  | Noticed the Royal Jelly
 55335 | Slime:5  | Noticed Dissolution
 55411 | Slime:5  | Lost mutation: You are clumsy. (Dex -2) [a shining eye]
 55415 | Slime:5  | Killed Dissolution
 55455 | Slime:5  | Killed the Royal Jelly
 55540 | Slime:5  | Gained mutation: You are frail. (-10% HP) [a shining eye]
 55631 | Slime:5  | Found the +18 Lear's hauberk
 55654 | Slime:5  | Identified the staff of fire "Nurghaiph" {rPois rF+ rN+
                  | Int-4}
 55671 | Slime:5  | Identified the +2 chain mail "Qeheo" {Harm rPois Regen+
                  | Str-5}
 55700 | Slime:5  | Got a slimy rune of Zot
 55701 | Slime:5  | Identified the staff of death "Cied" {rN+ Will+ Int+3}
 55704 | Slime:5  | Identified the +1 great mace "Furro" {heavy, rF+ Int+4
                  | Dex+2}
 56012 | D:15     | Paralysed by Trog for 6 turns
 56199 | Temple   | Entered the Ecumenical Temple
 56461 | D:5      | Killed Dega's ghost
 56741 | Depths:1 | Voluntarily entered the Abyss.
 56768 | Abyss:1  | Found a corrupted altar of Lugonu.
 56814 | Abyss:1  | Found a corrupted altar of Lugonu.
 56819 | Abyss:1  | Found a corrupted altar of Lugonu.
 56819 | Abyss:1  | Found a corrupted altar of Lugonu.
 56860 | Abyss:1  | Found a corrupted altar of Lugonu.
 56948 | Abyss:1  | Found a corrupted altar of Lugonu.
 57076 | Abyss:1  | Found a corrupted altar of Lugonu.
 57091 | Abyss:1  | Found a corrupted altar of Lugonu.
 57091 | Abyss:1  | Found a corrupted altar of Lugonu.
 57361 | Abyss:1  | Found a corrupted altar of Lugonu.
 57406 | Abyss:1  | Reached skill level 15 in Dodging
 57816 | Abyss:2  | Paralysed by accursed screaming for 1 turns
 57866 | Abyss:2  | Found a corrupted altar of Lugonu.
 58080 | Abyss:2  | Paralysed by Trog for 2 turns
 58107 | Abyss:3  | Found a corrupted altar of Lugonu.
 58110 | Abyss:3  | Noticed a dread lich
 58117 | Abyss:3  | Killed a dread lich
 58118 | Abyss:3  | Reached skill level 10 in Invocations
 58157 | Abyss:3  | Found a corrupted altar of Lugonu.
 58188 | Abyss:3  | Found a corrupted altar of Lugonu.
 58422 | Abyss:3  | Found a corrupted altar of Lugonu.
 58720 | Abyss:3  | Found a corrupted altar of Lugonu.
 59030 | Abyss:3  | Reached XP level 26. HP: 239/239 MP: 30/30
 59374 | Abyss:3  | Found a corrupted altar of Lugonu.
 59384 | Abyss:3  | Found a corrupted altar of Lugonu.
 59384 | Abyss:3  | Found a corrupted altar of Lugonu.
 59409 | Abyss:3  | Found a corrupted altar of Lugonu.
 59646 | Abyss:3  | Gained mutation: Your magical capacity is low. (-10% MP) [a
                  | cacodemon]
 59701 | Abyss:3  | Got an abyssal rune of Zot
 59703 | Abyss:3  | Was placed under penance by the Shining One
 59982 | Abyss:3  | Was forgiven by the Shining One
 60035 | Depths:1 | Escaped the Abyss
 60038 | Depths:1 | Lost mutation: Your magical capacity is low. (-10% MP)
                  | [potion of mutation]
 60038 | Depths:1 | Lost mutation: You have a somewhat thin skeletal structure.
                  | (Dex +2, Stealth+) [potion of mutation]
 60038 | Depths:1 | Lost mutation: You are strong-willed. (Will+) [potion of
                  | mutation]
 60038 | Depths:1 | Gained mutation: You are vulnerable to heat. (rF-) [potion
                  | of mutation]
 60038 | Depths:1 | Gained mutation: You passively map a small area around you.
                  | [potion of mutation]
 60039 | Depths:1 | Lost mutation: You are vulnerable to heat. (rF-) [potion of
                  | mutation]
 60039 | Depths:1 | Lost mutation: You are frail. (-10% HP) [potion of
                  | mutation]
 60039 | Depths:1 | Gained mutation: You possess an exceptional clarity of
                  | mind. [potion of mutation]
 60147 | Zot:1    | Entered Level 1 of the Realm of Zot
 60335 | Zot:1    | Noticed Parghit
 60348 | Zot:1    | Killed Parghit
 61235 | Zot:2    | Reached skill level 15 in Invocations
 61717 | Zot:2    | Was forgiven by Trog
 62065 | Zot:3    | Reached skill level 27 in Armour
 62077 | Zot:3    | Reached XP level 27. HP: 232/273 MP: 33/33
 63514 | Zot:4    | Found a transporter.
 63710 | Zot:4    | Found a transporter.
 64044 | Zot:4    | Found a transporter.
 64067 | Zot:4    | Found a transporter.
 64252 | Zot:5    | Entered Level 5 of the Realm of Zot
 64448 | Hell     | Entered the Vestibule of Hell
 64448 | Hell     | Noticed Geryon
 64460 | Hell     | Killed Geryon
 64686 | Hell     | Found a gateway to the Iron City of Dis.
 64774 | Hell     | Found a gateway to the ashen valley of Gehenna.
 64859 | Hell     | Found a gateway to the decaying netherworld of Tartarus.
 64889 | Hell     | Paralysed by a wendigo for 1 turns
 64937 | Hell     | Found a gateway to the freezing wastes of Cocytus.
 65023 | Tar:1    | Entered Level 1 of Tartarus
 66234 | Tar:4    | You fall into a shaft and drop 2 floors!
 66904 | Tar:6    | Noticed an ancient lich
 66909 | Tar:6    | Killed an ancient lich
 67349 | Tar:7    | Entered Level 7 of Tartarus
 67753 | Tar:7    | Identified the +7 hand axe "Laaq" {speed, rElec Int+4}
 67754 | Tar:7    | Identified the ring of Muecrus {rPois Int+3 SInv Stlth+}
 67761 | Tar:7    | Identified the staff of air "Akuhasih" {rElec MP+9}
 67762 | Tar:7    | Identified the +1 helmet "Jobimon" {+Blink rPois rC+ Str+3}
 67883 | Tar:7    | Identified the +1 bardiche "Xolud" {heavy, Fragile Str+6}
 67906 | Tar:7    | Identified the ring "Zogarr" {rPois Str+6 Slay+2 Stlth+}
 67918 | Tar:7    | Identified the amulet of the Tired Eyes {Reflect Dex+6
                  | SH+5}
 68046 | Tar:7    | Noticed a dread lich
 68047 | Tar:7    | Paralysed by a dread lich for 5 turns
 68055 | Tar:7    | Killed a dread lich
 68071 | Tar:7    | Noticed an ancient lich
 68075 | Tar:7    | Killed an ancient lich
 68103 | Tar:7    | Noticed a dread lich
 68114 | Tar:7    | Killed a dread lich
 68188 | Tar:7    | Noticed Ereshkigal
 68205 | Tar:7    | Killed Ereshkigal
 68242 | Tar:7    | Got a bone rune of Zot
 68863 | Hell     | Learned a level 2 spell: Wereblood
 68868 | Hell     | Learned a level 4 spell: Manifold Assault
 68902 | Geh:1    | Entered Level 1 of Gehenna
 69490 | Geh:4    | You fall into a shaft and drop 2 floors!
 69651 | Geh:7    | Entered Level 7 of Gehenna
 70225 | Geh:7    | Got the Grimoire of Therianthropy and Ill Luck
 70336 | Geh:7    | Noticed the Serpent of Hell
 70353 | Geh:7    | Killed the Serpent of Hell
 70415 | Geh:7    | Reached skill level 27 in Invocations
 70425 | Geh:7    | Identified the +3 morningstar of Destruction {venom,
                  | *Corrode MP+9 Dex+4}
 70469 | Geh:7    | Found the +7 sceptre of Asmodeus
 70469 | Geh:7    | Noticed Asmodeus
 70484 | Geh:7    | Killed Asmodeus
 70533 | Geh:7    | Got the Folio of Frost and Striking
 70534 | Geh:7    | Identified the +0 fire dragon scales of Vuuravye {rF++ rC-
                  | Dex+5}
 70544 | Geh:7    | Got the Vademecum on Horrible Stones
 70558 | Geh:7    | Identified the staff of death "Lafucamp" {rN+ Int+3}
 70567 | Geh:7    | Got the Elucidation of the Legion and Changes
 70576 | Geh:7    | Got an obsidian rune of Zot
 70889 | Dis:1    | Entered Level 1 of the Iron City of Dis
 70908 | Dis:1    | Reached skill level 1 in Transmutations
 70928 | Dis:1    | Reached skill level 1 in Spellcasting
 71807 | Dis:4    | You fall into a shaft and drop 2 floors!
 72127 | Dis:7    | Entered Level 7 of the Iron City of Dis
 72276 | Dis:7    | Reached skill level 5 in Transmutations
 72867 | Dis:7    | Reached skill level 5 in Spellcasting
 72957 | Dis:7    | Identified the +4 great sword "Zogobys" {freeze, Drain
                  | Str+3 Int+3}
 73044 | Dis:7    | Reached skill level 1 in Translocations
 73292 | Dis:7    | Noticed a juggernaut
 73292 | Dis:7    | Noticed a juggernaut
 73318 | Dis:7    | Killed a juggernaut
 73341 | Dis:7    | Killed a juggernaut
 74028 | Dis:7    | Noticed a juggernaut
 74049 | Dis:7    | Killed a juggernaut
 74447 | Dis:7    | Identified the ring of Egioteti {Wiz rElec rN+++ Slay+5}
 74447 | Dis:7    | Noticed Dispater
 74480 | Dis:7    | Killed Dispater
 74485 | Dis:7    | Reached skill level 5 in Translocations
 74514 | Dis:7    | Identified the ring "Venyrch" {rF+++ rN+ rCorr Int-3 Dex+6}
 74519 | Dis:7    | Got an iron rune of Zot
 75425 | Coc:1    | Entered Level 1 of Cocytus
 76620 | Coc:5    | Paralysed by a wendigo for 1 turns
 76639 | Coc:5    | Paralysed by a wendigo for 1 turns
 77100 | Coc:6    | Paralysed by a wendigo for 1 turns
 77130 | Coc:6    | Paralysed by a wendigo for 1 turns
 77442 | Coc:7    | Entered Level 7 of Cocytus
 77879 | Coc:7    | Reached skill level 10 in Spellcasting
 77884 | Coc:7    | Paralysed by a wendigo for 1 turns
 78077 | Coc:7    | Noticed Antaeus
 78101 | Coc:7    | Killed Antaeus
 78110 | Coc:7    | Got an icy rune of Zot
 78403 | Coc:7    | Found the +2 ratskin cloak {*Rats rPois rN+ Str-1 Int-1
                  | Dex+1}
 78404 | Coc:7    | Identified the +5 mace "Utecekhl Pyph" {flame, Int+2}
 78409 | Coc:7    | Identified the +9 rapier of Mandamus {drain, rF- Will+
                  | Int+4 Stlth+}
 79305 | Coc:7    | Reached skill level 10 in Translocations
 79344 | Coc:7    | Identified the +2 falchion "Haull" {spect, rElec rC+ Str-4}
 80109 | Zot:5    | Noticed an ancient lich
 80124 | Zot:5    | Noticed an ancient lich
 80124 | Zot:5    | Killed an ancient lich
 80126 | Zot:5    | Noticed an orb of fire
 80126 | Zot:5    | Noticed an orb of fire
 80130 | Zot:5    | Noticed an ancient lich
 80131 | Zot:5    | Noticed an ancient lich
 80140 | Zot:5    | Noticed an orb of fire
 80140 | Zot:5    | Noticed a dread lich
 80143 | Zot:5    | Noticed an ancient lich
 80144 | Zot:5    | Killed an orb of fire
 80149 | Zot:5    | Noticed a dread lich
 80157 | Zot:5    | Noticed a dread lich
 80158 | Zot:5    | Gained mutation: Your body sometimes deteriorates upon
                  | taking damage. [an orb of fire]
 80159 | Zot:5    | Killed an orb of fire
 80165 | Zot:5    | Killed an ancient lich
 80170 | Zot:5    | Killed an ancient lich
 80173 | Zot:5    | Killed an ancient lich
 80179 | Zot:5    | Gained mutation: Your body often deteriorates upon taking
                  | damage. [an orb of fire]
 80181 | Zot:5    | Killed an orb of fire
 80189 | Zot:5    | Killed a dread lich
 80193 | Zot:5    | Killed a dread lich
 80206 | Zot:5    | Killed an ancient lich
 80212 | Zot:5    | Killed a dread lich
 80606 | Zot:5    | Identified the +1 scale mail of Sloth {-Cast Harm Rampage
                  | rC+++}
 80820 | Zot:5    | Lost mutation: You passively map a small area around you.
                  | [potion of mutation]
 80820 | Zot:5    | Lost mutation: Your body often deteriorates upon taking
                  | damage. [potion of mutation]
 80820 | Zot:5    | Gained mutation: Your spells are a little harder to cast,
                  | but a little more powerful. [potion of mutation]
 80821 | Zot:5    | Lost mutation: Your body sometimes deteriorates upon taking
                  | damage. [potion of mutation]
 80821 | Zot:5    | Lost mutation: Your spells are a little harder to cast, but
                  | a little more powerful. [potion of mutation]
 80821 | Zot:5    | Gained mutation: You have large cloven feet. [potion of
                  | mutation]
 80821 | Zot:5    | Gained mutation: You have a somewhat thin skeletal
                  | structure. (Dex +2, Stealth+) [potion of mutation]
 80821 | Zot:5    | Gained mutation: Armour fits poorly on your strangely
                  | shaped body. [potion of mutation]
 80821 | Zot:5    | Gained mutation: You are partially covered in iridescent
                  | scales. (AC +2) [potion of mutation]
 80822 | Zot:5    | Lost mutation: Armour fits poorly on your strangely shaped
                  | body. [potion of mutation]
 80822 | Zot:5    | Lost mutation: You possess an exceptional clarity of mind.
                  | [potion of mutation]
 80822 | Zot:5    | Lost mutation: You have a somewhat thin skeletal structure.
                  | (Dex +2, Stealth+) [potion of mutation]
 80822 | Zot:5    | Gained mutation: You occasionally lose the ability to drink
                  | potions when taking damage. [potion of mutation]
 80822 | Zot:5    | Gained mutation: You have hoof-like feet. [potion of
                  | mutation]
 80822 | Zot:5    | Gained mutation: You are covered in fur. (AC +1) [potion of
                  | mutation]
 80822 | Zot:5    | Gained mutation: You passively dampen the noise of your
                  | surroundings. [potion of mutation]
 81074 | Pan      | Entered Pandemonium
 81074 | Pan      | Found a transporter.
 81367 | Pan      | Found a transporter.
 81847 | Pan      | Found an exit through the horrors of the Abyss.
 82219 | Pan      | Identified the ring of Nytunavu {Ice Int+2}
 82238 | Pan      | Identified the ring "Ugeblouh" {Fly rF+ rN+ Int+4 Dex-5}
 82706 | Pan      | Found a glowing silver altar of Zin.
 83837 | Pan      | Identified the +5 chain mail of the Forest {rN+}
 84127 | Pan      | Identified the +0 tower shield of Joy {rPois rCorr}
 84264 | Pan      | Identified the +0 chain mail "Plog" {Dex+2}
 84438 | Pan      | Found a glowing golden altar of the Shining One.
 84438 | Pan      | Noticed a seraph
 84455 | Pan      | Killed a seraph
 84490 | Pan      | Identified the +10 war axe "Suahis" {holy, rC++}
 84499 | Pan      | Got a demonic rune of Zot
 84500 | Pan      | Identified the +4 broad axe of World Downfall {flame, rPois
                  | rCorr Str+3}
 84501 | Pan      | Identified the ring of the Real Monster {+Blink rF+ rN+++
                  | Str-4 Dex-2}
 84504 | Pan      | Got the Elucidation of Oromancy and Shadows
 84507 | Pan      | Identified the +0 sling "Focwuedu" {freeze, rF+}
 85225 | Pan      | Found a white marble altar of Elyvilon.
 85676 | Pan      | Noticed Ziubupy the pandemonium lord
 85686 | Pan      | Killed Ziubupy the pandemonium lord
 86492 | Pan      | Noticed Sicig the pandemonium lord
 86506 | Pan      | Killed Sicig the pandemonium lord
 86777 | Pan      | Got the Disquisition on the Deep Freeze and Putridity
 86778 | Pan      | Identified the +3 morningstar of the Demagogue {heavy, rN+}
 86858 | Pan      | Learned a level 3 spell: Vhi's Electric Charge
 86866 | Pan      | Learned a level 6 spell: Dispersal
 86872 | Pan      | Learned a level 5 spell: Summon Forest
 86898 | Pan      | Entered the realm of Gloorx Vloq.
 87264 | Pan      | Reached skill level 15 in Spellcasting
 87650 | Pan      | Noticed Gloorx Vloq
 87665 | Pan      | Killed Gloorx Vloq
 87913 | Pan      | Got a dark rune of Zot
 88242 | Pan      | Reached skill level 15 in Translocations
 88292 | Pan      | Noticed Iniqiesy the pandemonium lord
 88301 | Pan      | Killed Iniqiesy the pandemonium lord
 89049 | Pan      | Noticed Ignacio
 89054 | Pan      | Noticed Riurur the pandemonium lord
 89059 | Pan      | Killed Ignacio
 89072 | Pan      | Killed Riurur the pandemonium lord
 89213 | Pan      | Found an exit through the horrors of the Abyss.
 90585 | Pan      | Noticed Cariudak the pandemonium lord
 90595 | Pan      | Killed Cariudak the pandemonium lord
 90890 | Pan      | Entered the realm of Cerebov.
 90922 | Pan      | Found an exit through the horrors of the Abyss.
 91218 | Pan      | Identified the +2 long sword of the Special Ears {freeze,
                  | rElec rCorr Dex-3 Stlth+}
 91221 | Pan      | Identified the +6 morningstar of the Ancients {distort,
                  | MP+9}
 91229 | Pan      | Identified the +7 morningstar "Adogid" {protect, Drain
                  | rPois Will+ Dex+5}
 91258 | Pan      | Found the +6 sword of Cerebov {flame}
 91258 | Pan      | Noticed Cerebov
 91288 | Pan      | Killed Cerebov
 91380 | Pan      | Identified the staff of death "Cishiu" {rElec rF- rN+ Will-
                  | Int+3}
 91445 | Pan      | Identified the staff of death "Kosopixt" {rN+ rCorr MP+9
                  | Dex+2}
 91498 | Pan      | Got a fiery rune of Zot
 91509 | Pan      | Identified the staff of air "Amyss" {rElec Dex+2}
 91537 | Pan      | Identified the staff of fire "Ihyssiki" {rF+ Dex+3}
 92570 | Pan      | Noticed Zifenlim the pandemonium lord
 92572 | Pan      | Killed Zifenlim the pandemonium lord
 92586 | Pan      | Identified the ring of Owiacona {rPois Dex+3}
 93209 | Pan      | Found a huge runed translucent gate.
 93216 | Pan      | Found a huge runed translucent gate.
 93217 | Pan      | Found a huge runed translucent gate.
 93234 | Pan      | Found a huge runed translucent gate.
 93412 | Pan      | Found a huge runed translucent gate.
 93412 | Pan      | Found a huge runed translucent gate.
 93413 | Pan      | Found a huge runed translucent gate.
 93418 | Pan      | Noticed Xotiuv the pandemonium lord
 93426 | Pan      | Killed Xotiuv the pandemonium lord
 93847 | Pan      | Entered the realm of Mnoleg.
 93851 | Pan      | Gained mutation: You sometimes lose the ability to drink
                  | potions when taking damage. [a cacodemon]
 93982 | Pan      | Gained mutation: Armour fits poorly on your strangely
                  | shaped body. [a shining eye]
 94010 | Pan      | Noticed Mnoleg
 94016 | Pan      | Was placed under penance by the Shining One
 94024 | Pan      | Killed Mnoleg
 94695 | Pan      | Found an exit through the horrors of the Abyss.
 94853 | Pan      | Got a glowing rune of Zot
 94872 | Pan      | Identified the ring "Otuatampota" {*Slow rElec rC+ rN+
                  | Str+6}
 94904 | Pan      | Was forgiven by the Shining One
 94904 | Pan      | Gained mutation: You are clumsy. (Dex -2) [a cacodemon]
 94905 | Pan      | Gained mutation: Your magical capacity is low. (-10% MP) [a
                  | cacodemon]
 94990 | Pan      | Gained mutation: You occasionally lose the ability to read
                  | scrolls when taking damage. [a neqoxec]
 95233 | Pan      | Identified the ring of Roesukig {rN+ Int+6 Dex+3 Slay+2}
 95461 | Pan      | Lost mutation: You are partially covered in iridescent
                  | scales. (AC +2) [potion of mutation]
 95461 | Pan      | Lost mutation: You sometimes lose the ability to drink
                  | potions when taking damage. [potion of mutation]
 95461 | Pan      | Lost mutation: You passively dampen the noise of your
                  | surroundings. [potion of mutation]
 95461 | Pan      | Gained mutation: Your movements are slightly less
                  | encumbered by armour. (ER -2) [potion of mutation]
 95462 | Pan      | Lost mutation: You occasionally lose the ability to read
                  | scrolls when taking damage. [potion of mutation]
 95462 | Pan      | Lost mutation: Your magical capacity is low. (-10% MP)
                  | [potion of mutation]
 95462 | Pan      | Lost mutation: You have hoof-like feet. [potion of
                  | mutation]
 95462 | Pan      | Lost mutation: You are covered in fur. (AC +1) [potion of
                  | mutation]
 95462 | Pan      | Gained mutation: You passively dampen the noise of your
                  | surroundings. [potion of mutation]
 95463 | Pan      | Lost mutation: Your movements are slightly less encumbered
                  | by armour. (ER -2) [potion of mutation]
 95463 | Pan      | Lost mutation: You passively dampen the noise of your
                  | surroundings. [potion of mutation]
 95463 | Pan      | Lost mutation: You have large cloven feet. [potion of
                  | mutation]
 95463 | Pan      | Gained mutation: You have large cloven feet. [potion of
                  | mutation]
 95463 | Pan      | Lost mutation: You are clumsy. (Dex -2) [potion of
                  | mutation]
 95464 | Pan      | Lost mutation: You occasionally lose the ability to drink
                  | potions when taking damage. [potion of mutation]
 95464 | Pan      | Lost mutation: Armour fits poorly on your strangely shaped
                  | body. [potion of mutation]
 95464 | Pan      | Lost mutation: You have large cloven feet. [potion of
                  | mutation]
 95464 | Pan      | Gained mutation: You have a somewhat thin skeletal
                  | structure. (Dex +2, Stealth+) [potion of mutation]
 95464 | Pan      | Gained mutation: Your system is resistant to poisons.
                  | (rPois) [potion of mutation]
 95464 | Pan      | Gained mutation: Your mind is acute. (Int +4, Str/Dex -1)
                  | [potion of mutation]
 95527 | Pan      | Gained mutation: Armour fits poorly on your strangely
                  | shaped body. [a cacodemon]
 95671 | Pan      | Noticed Qenk the pandemonium lord
 96420 | Pan      | Killed Qenk the pandemonium lord
 97317 | Pan      | Found a runed translucent door.
 97923 | Pan      | Found an exit through the horrors of the Abyss.
 98085 | Pan      | Entered the realm of Lom Lobon.
 98139 | Pan      | Noticed Lom Lobon
 98154 | Pan      | Killed Lom Lobon
 98198 | Pan      | Got a magical rune of Zot
 98704 | Pan      | Noticed Wicu the pandemonium lord
 98710 | Pan      | Killed Wicu the pandemonium lord
 98890 | Pan      | Found an exit through the horrors of the Abyss.
 99325 | Pan      | Noticed Hyahiff the pandemonium lord
 99333 | Pan      | Killed Hyahiff the pandemonium lord
 99604 | Pan      | Found an exit through the horrors of the Abyss.
100952 | Pan      | Identified the staff of fire "Perghoi" {Contam rF+ rCorr
                  | Int+10}
100977 | Pan      | Noticed Alublil the pandemonium lord
100987 | Pan      | Killed Alublil the pandemonium lord
101009 | Pan      | Learned a level 1 spell: Apportation
101167 | Pan      | Found an exit through the horrors of the Abyss.
101207 | Pan      | Noticed Ibryduown the pandemonium lord
101215 | Pan      | Killed Ibryduown the pandemonium lord
101458 | Pan      | Found an exit through the horrors of the Abyss.
101559 | Pan      | Gained mutation: You have hidden genetic defects. [a
                  | cacodemon]
101570 | Pan      | Lost mutation: You have hidden genetic defects. [potion of
                  | mutation]
101570 | Pan      | Lost mutation: Your mind is acute. (Int +4, Str/Dex -1)
                  | [potion of mutation]
101570 | Pan      | Lost mutation: Armour fits poorly on your strangely shaped
                  | body. [potion of mutation]
101878 | Pan      | Noticed Cynim the pandemonium lord
102039 | Pan      | Killed Cynim the pandemonium lord
102426 | Pan      | Identified the ring "Heocwycw" {rN+ Int+2}
102502 | Pan      | Noticed Luig the pandemonium lord
102506 | Pan      | Killed Luig the pandemonium lord
102534 | Pan      | Identified the +0 robe "Fynecrue" {Harm rElec Regen+ Int-5}
103121 | Depths:2 | Escaped Pandemonium
103146 | Depths:2 | Learned a level 3 spell: Portal Projectile
103155 | Depths:2 | Learned a level 8 spell: Disjunction
103204 | Pan      | Entered Pandemonium
103289 | Pan      | Noticed Ynieqeor the pandemonium lord
103294 | Pan      | Killed Ynieqeor the pandemonium lord
103555 | Pan      | Found an exit through the horrors of the Abyss.
104140 | Pan      | Noticed Ciucohab the pandemonium lord
104148 | Pan      | Killed Ciucohab the pandemonium lord
104855 | Pan      | Gained mutation: Your body sometimes deteriorates upon
                  | taking damage. [a cacodemon]
104928 | Pan      | Noticed Jyogudi the pandemonium lord
104937 | Pan      | Killed Jyogudi the pandemonium lord
105177 | Pan      | Found an exit through the horrors of the Abyss.
105463 | Pan      | Reached skill level 27 in Dodging
105481 | Pan      | Noticed Udyxuvaw the pandemonium lord
105488 | Pan      | Killed Udyxuvaw the pandemonium lord
105530 | Pan      | Gained mutation: You are clumsy. (Dex -2) [a cacodemon]
105533 | Pan      | Lost mutation: Your body sometimes deteriorates upon taking
                  | damage. [potion of mutation]
105533 | Pan      | Lost mutation: You are clumsy. (Dex -2) [potion of
                  | mutation]
105533 | Pan      | Lost mutation: Your system is resistant to poisons. (rPois)
                  | [potion of mutation]
105533 | Pan      | Lost mutation: You have a somewhat thin skeletal structure.
                  | (Dex +2, Stealth+) [potion of mutation]
105533 | Pan      | Gained mutation: You are frail. (-10% HP) [potion of
                  | mutation]
105533 | Pan      | Gained mutation: You are vulnerable to heat. (rF-) [potion
                  | of mutation]
105617 | Pan      | Gained mutation: You occasionally lose the ability to read
                  | scrolls when taking damage. [a cacodemon]
105625 | Pan      | Found an exit through the horrors of the Abyss.
105628 | Pan      | Lost mutation: You are frail. (-10% HP) [potion of
                  | mutation]
105628 | Pan      | Lost mutation: You occasionally lose the ability to read
                  | scrolls when taking damage. [potion of mutation]
105628 | Pan      | Lost mutation: You are vulnerable to heat. (rF-) [potion of
                  | mutation]
105628 | Pan      | Gained mutation: You are strong-willed. (Will+) [potion of
                  | mutation]
105795 | Pan      | Learned a level 5 spell: Silence
106509 | Pan      | Found an exit through the horrors of the Abyss.
106665 | Pan      | Found a huge runed translucent gate.
106667 | Pan      | Found a huge runed translucent gate.
106670 | Pan      | Found a huge runed translucent gate.
106671 | Pan      | Found a huge runed translucent gate.
106671 | Pan      | Found a huge runed translucent gate.
106673 | Pan      | Found a huge runed translucent gate.
106674 | Pan      | Found a huge runed translucent gate.
106705 | Pan      | Noticed Tenoof the pandemonium lord
106717 | Pan      | Killed Tenoof the pandemonium lord
106836 | Pan      | Identified the +7 sling "Kamaev" {antimagic, Drain rN+
                  | Int+4}
107535 | Pan      | Noticed Qoryupre the pandemonium lord
107546 | Pan      | Killed Qoryupre the pandemonium lord
108082 | Pan      | Found a huge runed translucent gate.
108086 | Pan      | Found a huge runed translucent gate.
108089 | Pan      | Found a huge runed translucent gate.
108089 | Pan      | Found a huge runed translucent gate.
108089 | Pan      | Found a huge runed translucent gate.
108089 | Pan      | Found a huge runed translucent gate.
108089 | Pan      | Found a huge runed translucent gate.
108101 | Pan      | Noticed Umitaeve the pandemonium lord
108117 | Pan      | Killed Umitaeve the pandemonium lord
109001 | Pan      | Found a transporter.
109036 | Pan      | Gained mutation: You have very sharp teeth. [a cacodemon]
109057 | Pan      | Found a transporter.
109111 | Pan      | Identified the ring of Aguxappa {Ice rCorr Int+3}
109132 | Pan      | Identified the amulet "Hyenunne" {Reflect rN+ SH+5}
109184 | Pan      | Found an exit through the horrors of the Abyss.
109489 | Pan      | Identified the +8 sling of Eternal War {flame, *Slow Will+
                  | Str+2 Stlth+}
109981 | Pan      | Found an exit through the horrors of the Abyss.
109996 | Pan      | Noticed Ajuwibrito the pandemonium lord
110002 | Pan      | Killed Ajuwibrito the pandemonium lord
110003 | Pan      | Reached skill level 1 in Air Magic
110423 | Pan      | Noticed Voguvom the pandemonium lord
110434 | Pan      | Killed Voguvom the pandemonium lord
110863 | Pan      | Found an exit through the horrors of the Abyss.
111173 | Pan      | Found a runed translucent door.
111201 | Pan      | Noticed Vunaq the pandemonium lord
111210 | Pan      | Killed Vunaq the pandemonium lord
111430 | Pan      | Found an exit through the horrors of the Abyss.
111962 | Pan      | Noticed Urua the pandemonium lord
111969 | Pan      | Killed Urua the pandemonium lord
112036 | Pan      | Found an exit through the horrors of the Abyss.
113237 | Pan      | Found an exit through the horrors of the Abyss.
113244 | Pan      | Identified the +0 hand axe "Zedast" {freeze, rN+ Int+3}
113356 | Pan      | Noticed Remim the pandemonium lord
113364 | Pan      | Killed Remim the pandemonium lord
113790 | Pan      | Noticed Wassaipek the pandemonium lord
113800 | Pan      | Killed Wassaipek the pandemonium lord
114573 | Pan      | Noticed Meenon the pandemonium lord
114582 | Pan      | Killed Meenon the pandemonium lord
114999 | Pan      | Found an exit through the horrors of the Abyss.
115039 | Pan      | Gained mutation: You are vulnerable to heat. (rF-) [a
                  | neqoxec]
115294 | Pan      | Noticed Cebyrit the pandemonium lord
115298 | Pan      | Killed Cebyrit the pandemonium lord
115536 | Pan      | Got Tilonaha's Folio of Roasted Amathomancy
115571 | Pan      | Found an exit through the horrors of the Abyss.
116387 | Pan      | Noticed Gijenlut the pandemonium lord
116395 | Pan      | Gained mutation: You are dopey. (Int -2) [mutagenic glow]
116398 | Pan      | Killed Gijenlut the pandemonium lord
116406 | Pan      | Reached skill level 1 in Hexes
116408 | Pan      | Gained mutation: Your magical capacity is low. (-10% MP)
                  | [mutagenic glow]
116453 | Pan      | Gained mutation: You are frail. (-10% HP) [mutagenic glow]
116829 | Pan      | Found an exit through the horrors of the Abyss.
117222 | Pan      | Lost mutation: You are strong-willed. (Will+) [potion of
                  | mutation]
117222 | Pan      | Lost mutation: You have very sharp teeth. [potion of
                  | mutation]
117222 | Pan      | Lost mutation: You are dopey. (Int -2) [potion of mutation]
117222 | Pan      | Gained mutation: You have sharp fingernails. [potion of
                  | mutation]
117222 | Pan      | Gained mutation: You are strong-willed. (Will+) [potion of
                  | mutation]
117223 | Pan      | Lost mutation: You are strong-willed. (Will+) [potion of
                  | mutation]
117223 | Pan      | Lost mutation: You are vulnerable to heat. (rF-) [potion of
                  | mutation]
117223 | Pan      | Lost mutation: Your magical capacity is low. (-10% MP)
                  | [potion of mutation]
117223 | Pan      | Gained mutation: Your spells are a little harder to cast,
                  | but a little more powerful. [potion of mutation]
117223 | Pan      | Gained mutation: Your muscles are strong. (Str +4, Int/Dex
                  | -1) [potion of mutation]
117223 | Pan      | Gained mutation: You have a somewhat thin skeletal
                  | structure. (Dex +2, Stealth+) [potion of mutation]
117223 | Pan      | Lost mutation: You are frail. (-10% HP) [potion of
                  | mutation]
117312 | Pan      | Identified the +2 pair of boots of Dogmatism {Str+4}
117688 | Pan      | Gained mutation: Your muscles are very strong. (Str +8,
                  | Int/Dex -2) [a cacodemon]
118966 | Depths:2 | Escaped Pandemonium
119739 | Zig:1    | Entered Level 1 of a ziggurat
120122 | Tomb:1   | Entered Level 1 of the Tomb of the Ancients
120858 | Tomb:1   | Noticed a royal mummy
120864 | Tomb:1   | Identified the +0 tower shield of Zuowal {+Inv rElec Int-4
                  | Dex+6}
120881 | Tomb:1   | Killed a royal mummy
121173 | Tomb:1   | Identified the +5 scale mail "Mekhlo Qucu" {Str+3 Int+2}
121527 | Tomb:2   | Noticed Boris
121530 | Tomb:2   | Noticed a royal mummy
121536 | Tomb:2   | Killed a royal mummy
121545 | Tomb:2   | Killed Boris
121550 | Tomb:2   | Noticed a royal mummy
121551 | Tomb:2   | Noticed a royal mummy
121551 | Tomb:2   | Noticed a royal mummy
121563 | Tomb:2   | Killed a royal mummy
121564 | Tomb:2   | Killed a royal mummy
121565 | Tomb:2   | Killed a royal mummy
121567 | Tomb:2   | Noticed a royal mummy
121573 | Tomb:2   | Killed a royal mummy
122363 | Tomb:3   | Entered Level 3 of the Tomb of the Ancients
122372 | Tomb:3   | Noticed a royal mummy
122372 | Tomb:3   | Noticed a royal mummy
122390 | Tomb:3   | Killed a royal mummy
122390 | Tomb:3   | Killed a royal mummy
122395 | Tomb:3   | Noticed a royal mummy
122400 | Tomb:3   | Killed a royal mummy
122411 | Tomb:3   | Noticed a royal mummy
122415 | Tomb:3   | Killed a royal mummy
122419 | Tomb:3   | Noticed a royal mummy
122426 | Tomb:3   | Killed a royal mummy
122428 | Tomb:3   | Noticed Boris
122432 | Tomb:3   | Killed Boris
122445 | Tomb:3   | Noticed a royal mummy
122448 | Tomb:3   | Noticed a royal mummy
122450 | Tomb:3   | Killed a royal mummy
122451 | Tomb:3   | Killed a royal mummy
122452 | Tomb:3   | Noticed a royal mummy
122455 | Tomb:3   | Killed a royal mummy
122457 | Tomb:3   | Noticed a royal mummy
122465 | Tomb:3   | Killed a royal mummy
122547 | Tomb:3   | Got a golden rune of Zot
122605 | Tomb:3   | Found the amulet of Elemental Vulnerability {rPois rF--
                  | rC-- AC+8}
122605 | Tomb:3   | Found the +10 tower shield of Ignorance {rN+ Int-4}
122656 | Tomb:3   | Identified the +0 leather armour of Spite {-Cast rN+ Str+3
                  | Dex+3}
122659 | Tomb:3   | Identified the staff of conjuration "Irry" {Drain rN++
                  | rCorr Str+3}
123379 | Zig:1    | Entered Level 1 of a ziggurat
123411 | Zig:2    | Entered Level 2 of a ziggurat
123452 | Zig:3    | Entered Level 3 of a ziggurat
123470 | Zig:3    | Identified the staff of conjuration "Ciyts" {Dex+3}
123478 | Zig:4    | Entered Level 4 of a ziggurat
123532 | Zig:5    | Entered Level 5 of a ziggurat
123537 | Zig:5    | Noticed a royal mummy
123543 | Zig:5    | Killed a royal mummy
123599 | Zig:6    | Entered Level 6 of a ziggurat
123631 | Zig:6    | Identified the +0 leather armour of Birdsong {Harm rElec
                  | rF+ Stlth-}
123632 | Zig:6    | Identified the +3 leather armour of Bitualot {Drain Will++}
124048 | Zot:5    | Got the Orb of Zot
124223 | Zot:1    | Noticed Zynyv the pandemonium lord
124227 | Zot:1    | Killed Zynyv the pandemonium lord
124318 | Depths:1 | Noticed a seraph
124335 | Depths:1 | Killed a seraph
124709 | D:$      | Escaped with the Orb!

Illustrated notes

Levels and vault maps discovered:
D:1:      wheals_arrival_shading, layout_basic
D:2:      layout_basic, basic_altar, kennysheep_generic_room_4
D:3:      layout_loops_ring, lemuel_doored_altar,
          nicolae_overflow_ecumenical_swirl, uniq_ijyb, uniq_jessica
D:4:      layout_rooms, ashenzari_altar_1, kiku_gazebo_pond_becter,
          makhleb_altar_promises_db, serial_shops, nicolae_diamond_shop,
          minmay_fountain_box, uniq_sigmund
D:5:      layout_cave_pools, nicolae_yredelemnul_corpse_copse,
          trog_hazing_becter, minmay_temple_entry_from_below_a,
          gammafunk_ghost_smash, wad_rectangle_vault
D:6:      layout_basic, cheibriados_altar_1, serial_shops,
          nicolae_take_the_stairs, serial_glass, glass_columns_c,
          glass_columns_b
D:7:      layout_loops_ring, zin_treasury, nzn_wu_jian_contemplation,
          nicolae_qazlal_style_of_elements, nicolae_tso_swordbearing_angel,
          kennysheep_generic_room_2, uniq_prince_ribbit1
D:8:      layout_basic, corner_web_ring, nicolae_figureground_pulse
D:9:      layout_loops_ring, orc_david_3
D:10:     layout_roguey, xom_confusion_cloud, pf_just_have_faith,
          corexii_corridor_pit, kennysheep_dice, uniq_josephine
D:11:     layout_rooms, lair_entry_dummy
D:12:     layout_cave_pods, nicolae_trove_entry_crossroad,
          nicolae_ru_path_of_blood, uniq_erolcha
D:13:     layout_roguey
D:14:     layout_basic, erik_vaults_2, serial_shops, shop, good_gods_mini_temple
D:15:     grunt_enter_depths_snipers, layout_layer_cave,
          minmay_misc_feat_hallway, serial_shops, shop, uniq_jorgrun
Temple:   nicolae_temple_bog_church
Lair:1:   dragon1_lemuel, layout_hall_layers, nicolae_volcano_entry_hallway,
          grunt_megastairs_1, serial_bayou_shore_b, infiniplex_staircase_pool_2,
          uniq_gastronok
Lair:2:   layout_chaotic_city, gauntlet_entry_generic
Lair:3:   layout_loops_ring, nicolae_swamp_entry_splash_gauntlet,
          minmay_snake_entry_spellcaster, minmay_holes, uniq_amaemon,
          uniq_nergalle, uniq_snorg, uniq_sonja
Lair:4:   layout_regular_city, slime_entry_1, gammafunk_ghost_cemetery,
          grunt_megastairs_5
Lair:5:   hangedman_lair_caniforms_friends, layout_regular_city, minivault_26,
          lemuel_fruit_fields
Swamp:1:  layout_falls_marsh, basic_altar
Swamp:2:  layout_basic_swamp, hangedman_swamp_ruin_wall
Swamp:3:  layout_basic_swamp, evilmike_swamp_ruin_house_4
Swamp:4:  swamp_old_school, layout_basic_swamp, swamp_pool5,
          hangedman_swamp_lotus
Snake:1:  layout_onion, serial_bayou, serial_bayou_lagoon_a,
          serial_bayou_pond_d, serial_bayou_pond_b, serial_bayou_crossing,
          serial_shops, bzr_in_the_mist, basic_altar
Snake:2:  layout_gridlike, basic_altar, serial_bayou_shore_a, minmay_shoptagon,
          uniq_aizul
Snake:3:  layout_basic, nicolae_stop_n_shop_2, uniq_roxanne
Snake:4:  grunt_snake_rune_pools, layout_misc_corridors,
          nicolae_snake_the_dead_are_slithering, minmay_shop_star
Slime:1:  layout_caves, nicolae_slime_getting_an_eyeful
Slime:2:  layout_caves
Slime:3:  layout_caves
Slime:4:  layout_caves
Slime:5:  uniq_dissolution
Orc:1:    layout_diamond_mine, serial_shops, nicolae_shop_stone, shop_fountains,
          uniq_fannar, uniq_erica
Orc:2:    kennysheep_orc_mage_school, layout_diamond_mine, serial_shops,
          nicolae_shop_temple_entry_statues_fountains
Elf:1:    layout_loops_corners, serial_shops, bzr_entry_safe,
          minmay_elf_necromancy, minivault_24
Elf:2:    elven_hall_of_blades_hangedman_original
          [nicolae_blade_entry_antechamber], layout_loops_cross,
          hangedman_elf_disciples, uniq_donald, uniq_nikola
Elf:3:    grunt_elf_hall_asides, layout_geoelf_grid
Vaults:1: st_lines, grunt_vaults_funnel, nicolae_vaults_little_squares_6,
          hangedman_vaults_capsules, layout_vaults_quadrants
Vaults:2: vaults_standard_mumra_x, nicolae_vaults_angled_halls,
          grunt_vaults_hallway_long, nicolae_vaults_statue_guard,
          grunt_vaults_diagonal, nicolae_vaults_what_the_h,
          nicolae_vaults_network_barrier, v_misc_17, layout_vaults_omnicross
Vaults:3: nicolae_vaults_sealed_display, ontoclasm_vaults_ligature,
          nicolae_vaults_network_square, minmay_crypt_entry_skeletal_spiral,
          v_misc_11, nicolae_vaults_halls_meeting, vaults_room_pools,
          vaults_dpeg_hooks, v_misc_32, vaults_room_pool, v_alt_pattern_4,
          layout_vaults_omnibox, serial_shops, bzr_entry_gold, uniq_boris
Vaults:4: nicolae_vaults_stairing_the_circle, nicolae_vaults_alarming,
          ontoclasm_vaults_gateway, nicolae_vaults_network_quinsquares
          [nicolae_vaults_network_quincunx_subvault,
          nicolae_vaults_network_quincunx_subvault,
          nicolae_vaults_network_quincunx_subvault,
          nicolae_vaults_network_quincunx_subvault], vaults_room_door_hall,
          ontoclasm_vaults_decontamination, hangedman_vaults_stream,
          vaults_room_fours, nicolae_vaults_big_angled_halls,
          ontoclasm_vaults_ring_small, nicolae_vaults_fighting_squares,
          layout_vaults_maze_bifur, serial_shops, shop
Vaults:5: serial_shops
Crypt:1:  layout_gridlike, nicolae_crypt_little_mausoleum,
          roderic_lattice_octagonal_star
Crypt:2:  layout_catacombs, grunt_megastairs_3
Crypt:3:  lightli_unholy_cathedral, layout_chaotic_city,
          tomb_entry_forgotten_bobbens, lightli_enter_wizlab_magi_temple,
          uniq_frederick
Tomb:1
Tomb:2
Tomb:3
Depths:1: layout_cave_pools, minmay_misc_feat_plants, abyss_entry, serial_shops,
          nicolae_shop_trees, grunt_hell_horde, onia_ninara_cookie,
          firewood_loft, serial_bayou_shore_b, uniq_mara
Depths:2: dreamdust_merry_men, layout_basic, grunt_pan_entry_sceptre,
          nicolae_hell_entry_big_baal_hell
Depths:3: hangedman_six_sided_sadism, layout_gridlike, abyss_entry,
          minmay_misc_feat_nine_boxes, hellmouth_1, infiniplex_staircase_x,
          uniq_josephina, uniq_saint_roka
Depths:4: grunt_zot_entry_alcove, layout_gridville, enter_ziggurat_b,
          lemuel_statue_altar, grunt_hell_entry_dis_grunt, uniq_jory
Hell
Dis:1:    layout_gridville
Dis:2:    layout_regular_city, nicolae_dis_big_boring_drill
Dis:3:    layout_subdivisions
Dis:4:    layout_overlapping_boxes
Dis:6:    layout_gridville
Dis:7:    dis_grunt_layers
Geh:1:    layout_gehenna_lava_caves
Geh:2:    layout_gehenna_lava_caves
Geh:3:    layout_gehenna_lava_caves
Geh:4:    layout_gehenna_lava_caves
Geh:6:    layout_gehenna_pools_triple, nicolae_hells_fiendish_ambush
Geh:7:    geh_mu
Coc:1:    layout_ice_bergs
Coc:2:    layout_cocytus_water_paths
Coc:3:    layout_ice_bergs, nicolae_hells_seeping_fissure
Coc:4:    layout_cocytus_delve, serial_ice, serial_ice_c, serial_ice_o,
          serial_ice_b, serial_ice_a
Coc:5:    layout_ice_bergs
Coc:6:    layout_ice_bergs
Coc:7:    coc_dpeg
Tar:1:    layout_honeycomb
Tar:2:    layout_cathedral_of_symmetry
Tar:3:    layout_honeycomb
Tar:4:    layout_cathedral_of_symmetry
Tar:6:    layout_grid_maze, evilmike_ambush [evilmike_ambush_outer_corners,
          evilmike_ambush_inner_basic]
Tar:7:    tar_old
Zot:1:    layout_twisted_circle, lemuel_flame_loot_1, uniq_parghit
Zot:2:    layout_misc_corridors
Zot:3:    layout_basic
Zot:4:    layout_basic, nicolae_transporter_intersection
Zot:5:    layout_basic

Skill      XL: |  1  2  3  4  5  6  7  8  9 10 11 12 13 14 15 16 17 18 19 20 21 22 23 24 25 26 27 |
---------------+----------------------------------------------------------------------------------+-----
Fighting       | 4 5 6 8 9 10 11 13 14 15 16 17 19 20 21 22 24 26 27 | 27.0
Axes           | 4 5 |  5.9
Dodging        | 3 4 5 6 7 8 9 12 14 15 16 27 | 27.0
Throwing       | 1 2 3 4 6 7 |  7.3
Armour         | 3 4 5 7 8 9 11 13 14 15 16 17 18 19 20 21 23 25 27 | 27.0
Maces & Flails | 1 3 4 8 9 11 12 13 14 15 16 17 18 20 22 24 25 26 27 | 27.0
Stealth        | 1 2 3 |  3.0
Shields        | 1 4 7 10 13 15 16 18 20 22 24 25 27 | 27.0
Ranged Weapons | 2 |  2.2
Evocations     | 1 |  1.0
Invocations    | 6 11 15 27 | 27.0
Transmutations | 6 |  6.0
Spellcasting   | 25 | 25.8
Translocations | 25 | 25.8
Air Magic      | 3 |  3.5
Hexes          | 2 |  2.0
Short Blades   | |  0.5
Long Blades    | |  0.4

Action                     |  1- 3 |  4- 6 |  7- 9 | 10-12 | 13-15 | 16-18 | 19-21 | 22-24 | 25-27 || total
---------------------------+-------+-------+-------+-------+-------+-------+-------+-------+-------++-------
  Melee: Hand axe          |    45 |       |       |       |       |       |       |       |       ||    45
         Headbutt          |     9 |    22 |    63 |   222 |   360 |   437 |   563 |   669 |  2969 ||  5314
         Punch             |     1 |     1 |     1 |       |       |       |       |       |       ||     3
         Whip              |    18 |   103 |   289 |   784 |   204 |       |       |       |       ||  1398
         Demon whip        |       |       |       |       |  1160 |   599 |       |       |       ||  1759
         Morningstar       |       |       |       |       |       |   982 |  1618 |  1457 |       ||  4057
         Sacred scourge    |       |       |       |       |       |       |       |   370 | 10436 || 10806
         Bite              |       |       |       |       |       |       |       |       |   113 ||   113
         Eveningstar       |       |       |       |       |       |       |       |       |    42 ||    42
   Fire: Hand crossbow     |       |       |       |    11 |       |       |       |       |       ||    11
  Throw: Stone             |       |     6 |    14 |     2 |    34 |       |       |       |       ||    56
         Throwing net      |       |     1 |     1 |       |       |       |       |       |       ||     2
         Javelin           |       |       |       |     8 |     2 |       |       |     5 |    34 ||    49
         Boomerang         |       |       |       |       |    84 |    96 |    21 |    32 |   286 ||   519
   Cast: Manifold Assault  |       |       |       |       |       |       |       |       |  1417 ||  1417
         Vhi's Electric Ch |       |       |       |       |       |       |       |       |   161 ||   161
         Wereblood         |       |       |       |       |       |       |       |       |    92 ||    92
         Summon Forest     |       |       |       |       |       |       |       |       |     2 ||     2
         Silence           |       |       |       |       |       |       |       |       |     1 ||     1
         Dispersal         |       |       |       |       |       |       |       |       |     1 ||     1
         Disjunction       |       |       |       |       |       |       |       |       |     1 ||     1
 Invoke: Berserk           |     1 |       |     1 |     2 |     2 |     3 |       |     1 |       ||    10
         Trog's Hand       |       |     2 |     1 |     4 |     3 |     3 |     4 |     4 |       ||    21
         Brothers in Arms  |       |       |       |       |     6 |     5 |     9 |     5 |       ||    25
         Divine Shield     |       |       |       |       |       |       |       |     4 |    46 ||    50
         Brand Weapon With |       |       |       |       |       |       |       |     1 |       ||     1
         Summon Divine War |       |       |       |       |       |       |       |       |    26 ||    26
         Cleansing Flame   |       |       |       |       |       |       |       |       |    32 ||    32
  Evoke: Wand              |     5 |       |       |       |       |       |     1 |       |    19 ||    25
         Figurine of a zig |       |       |       |       |       |       |       |       |     1 ||     1
    Use: Scroll            |       |       |     9 |     5 |     8 |     8 |     3 |    27 |    44 ||   104
         Potion            |       |       |       |     2 |       |     3 |     3 |     6 |   119 ||   133
   Stab: Distracted        |       |       |       |       |     2 |       |     1 |       |       ||     3
         Invisible         |       |       |       |       |       |    12 |       |     6 |       ||    18
         Confused          |       |       |       |       |       |     2 |       |       |       ||     2
         Petrifying        |       |       |       |       |       |       |     1 |       |       ||     1
 Armour: Animal skin       |    11 |       |       |       |       |       |       |       |       ||    11
         Plate armour      |       |    21 |     3 |   202 |   533 |   617 |   500 |   324 |       ||  2200
         Scale mail        |       |    14 |    70 |       |       |       |       |       |       ||    84
         Gold dragon scale |       |       |       |       |       |       |       |   252 |  1046 ||  1298
  Dodge: Dodged            |    34 |    47 |   190 |   307 |   498 |   544 |   319 |   462 |  1312 ||  3713
  Block: Kite shield       |       |       |    18 |   328 |   621 |   155 |       |       |       ||  1122
         Tower shield      |       |       |       |       |       |  1488 |  1613 |  2192 |  7214 || 12507
         Reflection        |       |       |       |       |       |   132 |   154 |    40 |   225 ||   551

Table legend: (Time is in decaauts)
 A = Elapsed time spent in this place.
 B = Non-inter-level travel time spent in this place.
 C = Inter-level travel time spent in this place.
 D = Time resting spent in this place.
 E = Time spent auto-exploring this place.
 F = Levels seen in this place.
 G = Mean time per level.
                   A        B        C        D        E       F      G
               +--------+--------+--------+--------+--------+-----+--------+
         Total | 118770 | 103503 |  15267 |   7420 |  69039 | 141 |  842.3 |
       Dungeon |  15943 |  11678 |   4265 |    757 |   8847 |  15 | 1062.9 |
        Temple |    201 |    177 |     24 |      0 |    167 |   1 |  201.0 |
          Lair |   5223 |   4216 |   1007 |     40 |   3167 |   5 | 1044.6 |
         Swamp |   3046 |   2800 |    246 |      7 |   2079 |   4 |  761.5 |
     Snake Pit |   5978 |   5266 |    712 |    583 |   3624 |   4 | 1494.5 |
    Slime Pits |   1167 |    974 |    193 |    357 |    157 |   5 |  233.4 |
  Orcish Mines |   1846 |   1240 |    606 |      0 |    963 |   2 |  923.0 |
   Elven Halls |   3550 |   3141 |    409 |    286 |   2026 |   3 | 1183.3 |
        Vaults |   8253 |   7002 |   1251 |    113 |   5088 |   5 | 1650.6 |
         Crypt |   3872 |   3399 |    473 |    223 |   2463 |   3 | 1290.7 |
          Tomb |   2864 |   2218 |    646 |    559 |   1046 |   3 |  954.7 |
        Depths |   7328 |   5840 |   1488 |     79 |   4506 |   4 | 1832.0 |
          Hell |    875 |    553 |    322 |      0 |    246 |   1 |  875.0 |
           Dis |   3303 |   2148 |   1155 |   1188 |    165 |   6 |  550.5 |
       Gehenna |   1674 |    919 |    755 |    133 |    177 |   6 |  279.0 |
       Cocytus |   3894 |   3567 |    327 |    351 |   2519 |   7 |  556.3 |
      Tartarus |   3632 |   3276 |    356 |    194 |   2258 |   6 |  605.3 |
           Zot |   5593 |   4567 |   1026 |    380 |   3376 |   5 | 1118.6 |
         Abyss |   2754 |   2754 |      0 |      0 |    174 |   3 |  918.0 |
   Pandemonium |  35903 |  35903 |      0 |   1916 |  25396 |  39 |  920.6 |
      Ziggurat |    391 |    391 |      0 |    191 |      0 |   7 |   55.9 |
        Bazaar |    184 |    184 |      0 |      0 |     89 |   3 |   61.3 |
         Trove |     78 |     78 |      0 |      0 |      7 |   1 |   78.0 |
       Volcano |    230 |    230 |      0 |      5 |     67 |   1 |  230.0 |
        Wizlab |    389 |    389 |      0 |      0 |    244 |   1 |  389.0 |
      Gauntlet |    589 |    589 |      0 |     55 |    183 |   1 |  589.0 |
               +--------+--------+--------+--------+--------+-----+--------+

Top non-repeatable levels by time:
    D:15: 2925 daAuts
Depths:3: 2684 daAuts
   Dis:7: 2212 daAuts
   Coc:7: 1911 daAuts
Vaults:5: 1810 daAuts
Depths:2: 1806 daAuts
Vaults:3: 1757 daAuts
Vaults:2: 1612 daAuts
 Snake:2: 1610 daAuts
 Abyss:3: 1570 daAuts
Vaults:4: 1569 daAuts
 Snake:3: 1531 daAuts
   Elf:2: 1506 daAuts
Vaults:1: 1503 daAuts
 Snake:4: 1499 daAuts
